 Dungeon Crawl Stone Soup version 0.30-a0-591-g3c58d2bc28 (webtiles) character file.

Game seed: 12942555566670403024

2819120 MackTheKnife the Impregnable (level 25, 225/225 HPs)
             Began as an Armataur Wanderer on Jan 3, 2023.
             Was the Champion of Jiyva.
             Escaped with the Orb
             ... and 4 runes on Jan 5, 2023!
             The game lasted 02:20:48 (50746 turns).

MackTheKnife the Impregnable (Armataur Wanderer)   Turns: 50746, Time: 02:20:48

Health: 225/225    AC: 53    Str: 24 (25) XL:     25   Next: 54%
Magic:  37/37      EV:  5    Int: 22      God:    Jiyva [******]
Gold:   2371       SH: 24    Dex: 16 (19) Spells: 25/44 levels left

rFire   + + +      SeeInvis +    m - +9 broad axe (vamp) {axe}
rCold   + + .      Faith    .    q - +5 kite shield
rNeg    + + .      Spirit   .    I - +9 scales of the Dragon King {rPois rF+ rC+ Will+}
rPois   +          Reflect  +    o - +0 mask of the Dragon {Will+ Slay+3 SInv}
rElec   +          Harm     .    T - +1 cloak of Courage {rF+ rN+ Regen+ Stlth-}
rCorr   +          Roll     +    t - +2 pair of gloves "Esuafuov" {rElec Int+6}
Will    ++++.      Clarity  +    w - +4 barding Stlth
                                 U - amulet "Lalenag" {Reflect Fragile rF- Dex+6 SH+5 Stlth+}
HPRegen 2.97/turn                z - ring "Egopezee" {Wiz Fly rF+ rN+}
MPRegen 0.75/turn                F - ring of Heuwaato {Fly rF+ rC+ Int-5 Dex+3}

@: flying, studying Polearms
A: large, rugged brown scales 3, deformed body, armoured tail, roll, long
tongue, awkward tongue, hooves 2, stinger 1, see invisible, clarity, clever 1,
frail 1, strong-willed 1, passive freeze, strong 1, gelatinous body 1,
pseudopods 1, translucent skin 3, tendrils, jelly sensing items, inability to
read after injury 1, engulf
0: Orb of Zot
}: 4/15 runes: barnacled, slimy, silver, gossamer
a: Renounce Religion, Oozemancy, Slimify


You escaped.
You worshipped Jiyva.
Jiyva was exalted by your worship.
You visited 11 branches of the dungeon, and saw 53 of its levels.
You also visited: Trove and Wizlab.

You collected 6089 gold pieces.
You spent 3718 gold pieces at shops.


Innate Abilities, Weirdness & Mutations

You are completely covered in rugged brown scales. (AC +3, +7% HP)
Armour fits poorly on your strangely shaped body.
You have a long armoured tail.
You roll when moving toward enemies. (Rampage)
Your long tongue fully drains potion bottles. (2x potion effects)
Your tongue gives you trouble enunciating. (1.5x scroll delay)
You have hoof-like feet.
Your tail ends in a venomous barb.
You have supernaturally acute eyesight. (SInv)
You possess an exceptional clarity of mind.
Your mind is acute. (Int +4, Str/Dex -1)
You are frail. (-10% HP)
You are strong-willed. (Will+)
A frigid envelope surrounds you and freezes all who hurt you.
Your muscles are strong. (Str +4, Int/Dex -1)
Your rubbery body absorbs attacks. (AC +1, EV +1)
Armour fits poorly on your pseudopods.
Your transparent skin significantly reduces your foes' accuracy. (Stealth+)
You are covered in slimy tendrils that may disarm your opponents.
You have a small jelly attached to you that senses nearby items.
You occasionally lose the ability to read scrolls when taking damage.
Your melee attacks may engulf your foes in ooze.


   Skills:
 - Level 20.3 Fighting
 - Level 6.4(9.4) Short Blades
 - Level 10.6(11.4) Long Blades
 - Level 20.0 Axes
 + Level 25.8 Armour
 - Level 4.8 Dodging
 - Level 2.1 Stealth
 - Level 16.5 Shields
 - Level 10.0 Spellcasting
 - Level 9.5 Necromancy
 - Level 6.2 Earth Magic
 - Level 1.7 Poison Magic
 - Level 10.0 Evocations


You had 25 spell levels left.
You knew the following spells:

 Your Spells              Type           Power      Damage    Failure   Level
a - Vampiric Draining     Necr           52%        2d9       1%          3
b - Necrotise             Necr           100%       1d9       1%          1
c - Animate Dead          Necr           52%        N/A       6%          4
d - Iron Shot             Conj/Erth      12%        9d3       100%        6
e - Borgnjor's Vile Clut  Necr/Erth      22%        N/A       32%         5

Your spell library contained the following spells:

 Spells                   Type           Power      Damage    Failure   Level
 Sublimation of Blood     Necr           52%        N/A       1%          2
 Sandblast                Erth           76%        2d16      2%          1
 Kiss of Death            Conj/Necr      100%       2d13      4%          1
 Dispel Undead            Necr           52%        3d19      6%          4
 Cigotuvi's Dreadful Rot  Necr/Pois/Air  54%        N/A       10%         2
 Passwall                 Tmut/Erth      20%        N/A       13%         2
 Agony                    Necr           52%        N/A       16%         5
 Stone Arrow              Conj/Erth      48%        3d10      26%         3
 Beastly Appendage        Tmut           22%        N/A       28%         1
 Shock                    Conj/Air       44%        1d5       28%         1
 Slow                     Hex            44%        N/A       28%         1
 Poisonous Vapours        Pois/Air       28%        N/A       32%         2
 Anguish                  Hex/Necr       16%        N/A       38%         4
 Blink                    Tloc           22%        N/A       41%         2
 Call Imp                 Summ           11%        N/A       41%         2
 Ensorcelled Hibernation  Hex/Ice        22%        N/A       41%         2
 Static Discharge         Conj/Air       22%        2-3/arc   41%         2
 Wereblood                Tmut           11%        N/A       41%         2
 Spider Form              Tmut/Pois      14%        N/A       52%         3
 Lee's Rapid Deconstruct  Erth           19%        3d11*     52%         5
 Ignite Poison            Fire/Tmut/Pois 13%        N/A       54%         3
 Mephitic Cloud           Conj/Pois/Air  13%        N/A       54%         3
 Animate Armour           Summ/Erth      48%        N/A       61%         4
 Leda's Liquefaction      Hex/Erth       12%        N/A       61%         4
 Petrify                  Tmut/Erth      24%        N/A       61%         4
 Call Canine Familiar     Summ           11%        N/A       63%         3
 Confusing Touch          Hex            11%        N/A       63%         3
 Dazzling Flash           Conj/Hex       22%        N/A       63%         3
 Inner Flame              Hex/Fire       11%        N/A       63%         3
 Kindle Blastsparks       Fire/Tloc/Air  22%        2d11      63%         3
 Ozocubu's Armour         Ice            11%        N/A       63%         3
 Portal Projectile        Hex/Tloc       22%        N/A       63%         3
 Swiftness                Air            11%        N/A       63%         3
 Tukima's Dance           Hex            11%        N/A       63%         3
 Vhi's Electric Charge    Tloc/Air       22%        N/A       63%         3
 Airstrike                Air            5%         2d(1-17)  95%         4
 Cause Fear               Hex            5%         N/A       95%         4
 Manifold Assault         Tloc           11%        N/A       95%         4
 Sticky Flame             Conj/Fire      11%        2d3       95%         4
 Summon Lightning Spire   Summ/Air       11%        N/A       95%         4
 Arcjolt                  Conj/Air       5%         1d15      100%        5
 Blade Hands              Tmut           5%         N/A       100%        5
 Fireball                 Conj/Fire      5%         3d5       100%        5
 Freezing Cloud           Conj/Ice/Air   5%         6-21      100%        5
 Irradiate                Conj/Tmut      5%         3d13      100%        5
 Iskenderun's Battlesphe  Conj           11%        2d7       100%        5
 Lightning Bolt           Conj/Air       5%         1d17      100%        5
 Silence                  Hex/Air        5%         N/A       100%        5
 Summon Mana Viper        Hex/Summ       11%        N/A       100%        5
 Conjure Ball Lightning   Conj/Air       5%         3x3d6     100%        6
 Dispersal                Tloc           5%         N/A       100%        6
 Statue Form              Tmut/Erth      16%        N/A       100%        6
 Enfeeble                 Hex            5%         N/A       100%        7
 Malign Gateway           Summ/Tloc      5%         N/A       100%        7
 Ozocubu's Refrigeration  Ice            5%         4d8       100%        7
 Spellforged Servitor     Conj/Summ      5%         N/A       100%        7
 Storm Form               Tmut/Air       5%         N/A       100%        7
 Summon Hydra             Summ           5%         N/A       100%        7
 Borgnjor's Revivificati  Necr           26%        N/A       100%        8
 Discord                  Hex            5%         N/A       100%        8
 Disjunction              Tloc           5%         N/A       100%        8
 Ignition                 Fire           5%         3d4       100%        8
 Necromutation            Tmut/Necr      16%        N/A       100%        8
 Death's Door             Necr           26%        N/A       100%        9

Inventory:

Hand Weapons
 m - a +9 vampiric broad axe (weapon) {axe}
   (You found it on level 5 of the Vaults)
 X - the +9 battleaxe "Spider's Death Toll" {freeze, Will+ rCorr Int+2 Dex+5, axe}
   (You took it off a frost giant on level 1 of the Elven Halls)

   Int:       It affects your intelligence (+2).
   Dex:       It affects your dexterity (+5).
   rCorr:     It protects you from acid and corrosion.
   Will:      It increases your willpower.
Armour
 d - the +4 dragonskin cloak
   (You took it off Tiamat on level 5 of the Realm of Zot)

   It grants the wearer a chance to resist fire, cold, poison, electricity,
   acid, and negative energy.
 e - +0 storm dragon scales {rare}
   (You found it on level 5 of the Realm of Zot)
 h - a +1 tower shield of protection
   (You took it off Louise on level 3 of the Depths)
 o - the +0 mask of the Dragon (worn) {Will+ Slay+3 SInv}
   (You found it on level 5 of the Vaults)

   Slay:      It affects your accuracy & damage with ranged weapons and melee
   (+3).
   SInv:      It lets you see invisible.
   Will:      It increases your willpower.
 q - a +5 kite shield (worn)
   (You found it on level 10 of the Dungeon)
 t - the +2 pair of gloves "Esuafuov" (worn) {rElec Int+6}
   (You found it on level 5 of the Vaults)

   Int:       It affects your intelligence (+6).
   rElec:     It insulates you from electricity.
 w - a +4 barding (worn)
   (You bought it in a shop on level 5 of the Dungeon)
 I - the +9 scales of the Dragon King (worn) {rPois rF+ rC+ Will+}
   (You found it on level 5 of the Pits of Slime)

   rF:        It protects you from fire.
   rC:        It protects you from cold.
   rPois:     It protects you from poison.
   Will:      It increases your willpower.
 T - the +1 cloak of Courage (worn) {rF+ rN+ Regen+ Stlth-}
   (You found it on level 1 of the Depths)

   rF:        It protects you from fire.
   rN:        It protects you from negative energy.
   Regen:     It increases your rate of health regeneration.
   Stlth:     It makes you less stealthy.
Jewellery
 y - a ring of protection from fire
   (You found it on level 3 of the Lair of Beasts)
 z - the ring "Egopezee" (left hand) {Wiz Fly rF+ rN+}
   (You took it off a vault warden on level 5 of the Vaults)

   [ring of wizardry]

   It improves your spell success rate.
   rF:        It protects you from fire.
   rN:        It protects you from negative energy.
   Fly:       It grants you flight.
 B - the ring "Fypp" {Dex+6 SInv}
   (You found it in a treasure trove)

   [ring of see invisible]

   Dex:       It affects your dexterity (+6).
   SInv:      It lets you see invisible.
 F - the ring of Heuwaato (right hand) {Fly rF+ rC+ Int-5 Dex+3}
   (You found it in a treasure trove)

   [ring of flight]

   Int:       It affects your intelligence (-5).
   Dex:       It affects your dexterity (+3).
   rF:        It protects you from fire.
   rC:        It protects you from cold.
   Fly:       It grants you flight.
 H - the ring "Nuysm" {rN++ Str-3 SInv}
   (You found it on level 5 of the Pits of Slime)

   [ring of see invisible]

   Str:       It affects your strength (-3).
   rN:        It greatly protects you from negative energy.
   SInv:      It lets you see invisible.
 J - the ring of Epluraa {Wiz Stlth+}
   (You took it off a merfolk aquamancer on level 4 of the Shoals)

   [ring of wizardry]

   It improves your spell success rate.
   Stlth:     It makes you more stealthy.
 K - the amulet "Jeummiemy" {rPois Regen+ rCorr}
   (You found it on level 5 of the Pits of Slime)

   [amulet of regeneration]

   rPois:     It protects you from poison.
   Regen:     It increases your rate of health regeneration.
   rCorr:     It protects you from acid and corrosion.
 R - the ring "Pienomp" {rC+ Str+2}
   (You found it in a treasure trove)

   [ring of protection from cold]

   Str:       It affects your strength (+2).
   rC:        It protects you from cold.
 U - the amulet "Lalenag" (around neck) {Reflect Fragile rF- Dex+6 SH+5 Stlth+}
   (You found it in a treasure trove)

   [amulet of reflection]

   It reflects blocked missile attacks.
   Dex:       It affects your dexterity (+6).
   rF:        It makes you vulnerable to fire.
   Fragile:   It will be destroyed if unequipped.
   SH:        It affects your SH (+5).
   Stlth:     It makes you more stealthy.
 W - a ring of willpower
   (You bought it in a shop on level 4 of the Dungeon)
Wands
 k - a wand of paralysis (28)
   (You found it on level 2 of the Lair of Beasts)
 A - a wand of iceblast (35)
   (You found it on level 4 of the Lair of Beasts)
 P - a wand of light (7)
   (You found it on level 5 of the Lair of Beasts)
Scrolls
 f - 6 scrolls of teleportation {@r4}
 l - 7 scrolls of immolation {!r!r}
 r - 3 scrolls of butterflies
 v - 4 scrolls of fear
 O - 2 scrolls of fog
 S - 7 scrolls of identify {@r1}
 Z - a scroll of blinking {!r}
Potions
 a - 2 potions of might
 b - 6 potions of brilliance
 i - 5 potions of cancellation
 j - 15 potions of ambrosia
 n - 5 potions of berserk rage {!q}
 p - 16 potions of curing {@q1}
 s - 4 potions of magic
 x - 4 potions of mutation {!q}
 C - a potion of resistance
 G - 3 potions of invisibility
 L - 9 potions of heal wounds {@q2}
 M - 6 potions of flight
 Q - 3 potions of attraction {!q}
 V - 2 potions of haste {@q3}
Miscellaneous
 c - a lightning rod (4/4)
   (You found it on level 4 of the Shoals)
 g - a tin of tremorstones (2/2) {throwing}
   (You found it on level 3 of the Spider Nest)
 u - a phial of floods
   (You found it on level 3 of the Elven Halls)
 D - a phantom mirror
   (You found it on level 2 of the Depths)
 E - a box of beasts (inert)
   (You found it on level 4 of the Lair of Beasts)
 Y - a condenser vane
   (You found it on level 4 of the Vaults)

Dungeon Overview and Level Annotations

Branches:
Dungeon (15/15)            Temple (0/1) D:5            Lair (5/5) D:9
 Shoals (4/4) Lair:3       Spider (4/4) Lair:3        Slime (5/5) Lair:5
    Orc (2/2) D:11            Elf (3/3) Orc:2        Vaults (5/5) D:13
  Crypt (1/3) Vaults:2     Depths (4/4) D:15            Zot (5/5) Depths:4
 WizLab (visited)

Altars:
Cheibriados
Dithmenos
Elyvilon
Fedhas
Okawaru
Qazlal
Trog
Vehumet
Xom
The Shining One
Jiyva
Lugonu

Shops:
D:3 *((?(   D:4 =   D:5 *   D:6 =!([   D:12 *?:   Orc:2 *[*[   Elf:3 !
Shoals:2 ?   Shoals:4 ?

Portals:
Hell: Depths:1 Depths:2 Depths:3 Depths:4
Abyss: Lair:5 Depths:1 Depths:3
Pandemonium: Depths:1 Depths:2
Ziggurat: Depths:1

Annotations:
Lair:3 exclusion: 4 oklob plants
Lair:5 3 runed translucent doors, Athor's ghost, journeyman FoFi
Slime:5 Royal Jelly
Elf:2 3 runed translucent doors

#.##..##...#....# #.# #..###.#
..##..#.#.#.##### #.####....>##
#####################............
#.#.##...........#...######.###
###.#.##...~♣♣♣♣♣♣♣♣♣~.# #.#
.........#~~♣♣≈♣≈≈≈♣≈~~# ##.##
.##.#.....♣♣~~~~~~~~~♣♣# #...#
.##.######♣≈~~~~~~~~~♣♣ #...#
....# ♣♣~~~~@~~~~≈♣ #...# .####
♣≈~~~~~~~~~♣♣ #...# .#
####♣≈~~~~~~~~~≈♣# #...# .#
#...~~≈♣≈≈≈♣≈≈≈~~#####...## .#
#....~♣♣♣♣♣♣♣♣♣~........... .#
#..........#.#............. ##
#.....###.##.##............ #
#.....# #.#..##.####.#....# #
####### #.#.###.# #.#....#


There were no monsters in sight!


Message History

The Orb Guardian hits you but does no damage.
The Orb Guardian is very cold.
You slash the Orb Guardian! You tail-slap the Orb Guardian.
You block the Orb Guardian's attack.
You hit the Orb Guardian. Your kick misses the Orb Guardian.
You tail-slap the Orb Guardian!
The Orb Guardian is poisoned.
You bludgeon the Orb Guardian, but do no damage.
You block the Orb Guardian's attack.
You slash the Orb Guardian! You kick the Orb Guardian!
You block the Orb Guardian's attack.
You closely miss the Orb Guardian. Your kick misses the Orb Guardian.
Your tail-slap misses the Orb Guardian.
You bludgeon the Orb Guardian, but do no damage.
You block the Orb Guardian's attack.
You slice the Orb Guardian!!
You kill the Orb Guardian!
You feel your strength returning.
No target in view!
(D) Dungeon (T) Temple (L) Lair (A) Shoals (N) Spider Nest (M) Slime Pits (O) Orcish Mines (E) Elven Halls (V) Vaults (C) Crypt (U) Depths (H) Hell (Z) Zot
Where to? (Enter - D:1, ? - help)
You swap places.
There is a stone staircase leading up here.
You fly upwards.
A rust devil comes into view.
There is a stone staircase leading down here.
You roll towards the rust devil!
You roll towards the rust devil!
You block the rust devil's attack.
You barely miss the rust devil. You kick the rust devil.
You tail-slap the rust devil!
The rust devil is poisoned.
You bludgeon the rust devil, but do no damage.
You hit the rust devil but do no damage.
You tail-slap the rust devil, but do no damage.
The rust devil hits you.
The rust devil resists.
The rust devil is very cold.
You slice the rust devil!!
You engulf the rust devil in ooze!
You kick the rust devil. You tail-slap the rust devil.
You kill the rust devil!
(D) Dungeon (T) Temple (L) Lair (A) Shoals (N) Spider Nest (M) Slime Pits (O) Orcish Mines (E) Elven Halls (V) Vaults (C) Crypt (U) Depths (H) Hell (Z) Zot
Where to? (Enter - D:1, ? - help)
A rakshasa comes into view. It is wielding a +2 whip of distortion.
You roll towards the rakshasa!
You roll towards the rakshasa!
You slice the rakshasa!!
You engulf the rakshasa in ooze!
You kick the rakshasa, but do no damage.
The rakshasa is asphyxiated!
You slice the rakshasa!! You kick the rakshasa.
You kill the rakshasa!
No target in view!
No target in view!
(D) Dungeon (T) Temple (L) Lair (A) Shoals (N) Spider Nest (M) Slime Pits (O) Orcish Mines (E) Elven Halls (V) Vaults (C) Crypt (U) Depths (H) Hell (Z) Zot
Where to? (Enter - D:1, ? - help)
There is a stone staircase leading up here.
You hear a distant slurping noise.
You fly upwards.
There is a stone staircase leading down here.
There is a stone staircase leading up here.
You fly upwards.
There is a stone staircase leading down here.
Jiyva gurgles merrily.
There is a stone staircase leading up here.
You fly upwards.
There is a stone staircase leading down here.
(D) Dungeon (T) Temple (L) Lair (A) Shoals (N) Spider Nest (M) Slime Pits (O) Orcish Mines (E) Elven Halls (V) Vaults (C) Crypt (U) Depths (H) Hell (Z) Zot
Where to? (Enter - D:1, ? - help)
Okay, then.
An Orb Guardian comes into view.
You roll towards the Orb Guardian!
You barely miss the Orb Guardian. Your kick misses the Orb Guardian.
You block the Orb Guardian's attack.
You slash the Orb Guardian! Your kick misses the Orb Guardian.
You block the Orb Guardian's attack.
You slash the Orb Guardian! You kick the Orb Guardian.
You tail-slap the Orb Guardian!
The Orb Guardian is poisoned.
You bludgeon the Orb Guardian.
The Orb Guardian hits you but does no damage.
The Orb Guardian is very cold.
You slash the Orb Guardian!
You kick the Orb Guardian, but do no damage.
The Orb Guardian hits you but does no damage.
The Orb Guardian is very cold.
You slice the Orb Guardian!!
You kill the Orb Guardian!
(D) Dungeon (T) Temple (L) Lair (A) Shoals (N) Spider Nest (M) Slime Pits (O) Orcish Mines (E) Elven Halls (V) Vaults (C) Crypt (U) Depths (H) Hell (Z) Zot
Where to? (Enter - D:1 @ (x,y), ? - help)
There is a staircase leading out of the dungeon here.
You have escaped!

Skill      XL: |  1  2  3  4  5  6  7  8  9 10 11 12 13 14 15 16 17 18 19 20 21 22 23 24 25 |
---------------+----------------------------------------------------------------------------+-----
Shields        | 2 3 4 12 16 | 16.5
Fighting       | 2 3 7 9 11 13 16 19 20 | 20.3
Short Blades   | 2 4 6 |  6.4
Necromancy     | 4 6 8 9 |  9.5
Spellcasting   | 3 6 7 9 10 | 10.0
Armour         | 8 12 15 16 17 18 20 23 25 | 25.8
Earth Magic    | 6 |  6.2
Long Blades    | 7 10 | 10.6
Axes           | 8 13 16 19 20 | 20.0
Evocations     | 2 10 | 10.0
Dodging        | 4 |  4.8
Stealth        | |  2.1
Poison Magic   | |  1.7

Action                   |  1- 3 |  4- 6 |  7- 9 | 10-12 | 13-15 | 16-18 | 19-21 | 22-24 | 25-27 || total
-------------------------+-------+-------+-------+-------+-------+-------+-------+-------+-------++-------
Melee: Club              |   133 |    13 |       |       |       |       |       |       |       ||   146
       Tailslap          |    14 |    15 |    41 |   108 |   268 |   303 |   222 |   307 |    48 ||  1326
       Rapier            |       |    94 |   263 |   639 |   474 |       |       |       |       ||  1470
       Pseudopods        |       |       |       |   136 |   317 |    43 |   312 |   392 |    64 ||  1264
       Headbutt          |       |       |       |   126 |   371 |   373 |   350 |    94 |       ||  1314
       Unarmed           |       |       |       |     2 |       |       |       |       |       ||     2
       Falchion          |       |       |       |       |   836 |   996 |       |       |       ||  1832
       Kick              |       |       |       |       |    10 |    74 |    17 |   657 |   110 ||   868
       Battleaxe         |       |       |       |       |       |   264 |  1024 |   705 |       ||  1993
       Broad axe         |       |       |       |       |       |       |       |   535 |   217 ||   752
 Cast: Animate Dead      |       |       |       |     9 |     8 |    10 |    11 |     5 |     1 ||    44
       Necrotise         |       |       |       |     6 |       |       |       |       |       ||     6
       Vampiric Draining |       |       |       |     6 |       |       |       |       |       ||     6
Invok: Oozemancy         |       |       |     5 |     5 |    13 |    11 |     1 |     2 |       ||    37
       Slimify           |       |       |       |       |     2 |     1 |     2 |     2 |       ||     7
Evoke: Wand              |       |       |       |       |     6 |     6 |     2 |     5 |     1 ||    20
       Box of beasts     |       |       |       |       |       |     3 |     2 |     2 |     1 ||     8
       Lightning rod     |       |       |       |       |       |       |     4 |       |       ||     4
       Tin of tremorston |       |       |       |       |       |       |     2 |     1 |       ||     3
       Condenser vane    |       |       |       |       |       |       |     1 |     4 |     1 ||     6
       Phantom mirror    |       |       |       |       |       |       |       |     2 |     2 ||     4
       Phial of floods   |       |       |       |       |       |       |       |     1 |       ||     1
  Use: Scroll            |     1 |     3 |       |    13 |     8 |    13 |     8 |    32 |     1 ||    79
       Potion            |     5 |     2 |     1 |     4 |       |     1 |       |     9 |     2 ||    24
 Stab: Sleeping          |     5 |     3 |     3 |     4 |     5 |       |       |       |       ||    20
       Distracted        |       |       |     1 |     2 |     5 |     5 |     6 |     6 |     5 ||    30
       Confused          |       |       |       |       |     1 |    26 |    15 |       |       ||    42
       Invisible         |       |       |       |       |       |     1 |     1 |     3 |       ||     5
       Petrified         |       |       |       |       |       |     5 |       |       |       ||     5
       Petrifying        |       |       |       |       |       |     1 |       |       |       ||     1
       Paralysed         |       |       |       |       |       |       |       |     2 |       ||     2
Armor: Leather armour    |    40 |    17 |    29 |       |       |       |       |       |       ||    86
       Ring mail         |       |       |    12 |   520 |   822 |       |       |       |       ||  1354
       Skin              |       |       |       |     2 |       |       |       |       |       ||     2
       Gold dragon scale |       |       |       |       |   287 |  1216 |   923 |   853 |    84 ||  3363
Dodge: Dodged            |    67 |    25 |    79 |   237 |   332 |   218 |   173 |   151 |    13 ||  1295
Block: Buckler           |     9 |    20 |    51 |   196 |   382 |   213 |       |       |       ||   871
       Other             |       |       |       |       |       |       |       |    53 |       ||    53
       Reflection        |       |       |       |       |       |       |       |     9 |     9 ||    18
       Kite shield       |       |       |       |       |       |       |       |   406 |   173 ||   579
       Tower shield      |       |       |       |       |       |       |       |     2 |       ||     2

Levels and vault maps discovered:
D:1:      reono_arrival_forest_river, layout_loops_cross,
          minmay_misc_feat_rugged
D:2:      layout_loops_ring, basic_altar, grunt_decor_mini_mirrors,
          nicolae_underground_beach
D:3:      layout_loops_ring, serial_shops, nicolae_shop_crystal, shop, shop,
          nicolae_shop_bloodbath_and_beyond, shop,
          hellmonk_ecumenical_altar_crossroads, kennysheep_orc_chapel
D:4:      layout_loops_ring, minivault_26, nicolae_take_the_stairs
D:5:      layout_loops_ring, minmay_temple_entry_glass, minmay_shop_damaged
D:6:      lemuel_castle_with_subvaults [lemuel_castle_interior_original],
          layout_loops_corners, doesnt_xom_only_xom,
          mainiacjoe_overflow_cross_hatched, serial_shops, nicolae_diamond_shop,
          shop, shop, shop_statue, hangedman_decor_push, uniq_edmund
D:7:      layout_gridville
D:8:      hangedman_cross_stitches, layout_basic, uniq_psyche
D:9:      layout_basic, dpeg_oklobed_lair, kennysheep_cross_bottleneck
D:10:     layout_basic, uniq_erica
D:11:     layout_basic, erik_orc_1
D:12:     minmay_tile_spiral, layout_basic, serial_shops, shop, kennysheep_mini,
          shop_fountains, tso_oasis_becter
D:13:     layout_roguey, david_vaults_3, uniq_lodul
D:14:     layout_long_grid, minivault_23
D:15:     grunt_enter_depths_hoard, layout_layer_cave, minmay_door_square,
          serial_ice, serial_ice_a, serial_ice_i, serial_ice_b, serial_ice_c,
          serial_ice_n, serial_ice_m, serial_ice_d, serial_ice_h, serial_ice_o,
          serial_ice_g, drop_trap
Lair:1:   layout_big_grid, nicolae_lair_lakeside_cave
Lair:2:   layout_misc_corridors, wad_woods_road_02
Lair:3:   hangedman_what_comes_after_a, layout_chaotic_city,
          elwin_shoals_entry_stream, spider_nest_entry_funnel_web,
          hangedman_tree_tricks, chequers_serial_rivers_micro_b,
          lemuel_centaur_altar, uniq_amaemon
Lair:4:   nzn_winding_woodlands_huge [nzn_winding_woodlands_5x15_twine,
          nzn_winding_woodlands_5x15_crooked,
          nzn_winding_woodlands_5x15_sidewinder, nzn_winding_woodlands_5x15_eye,
          nzn_winding_woodlands_5x15_pathside_ponds,
          nzn_winding_woodlands_5x15_garden, nzn_winding_woodlands_5x15_default,
          nzn_winding_woodlands_5x15_sawtooth,
          nzn_winding_woodlands_5x15_parted,
          nzn_winding_woodlands_5x15_split_checker,
          nzn_winding_woodlands_center_triple_pond,
          nzn_winding_woodlands_center_pierced_h,
          nzn_winding_woodlands_15x15_thick_spiral], layout_misc_corridors,
          roderic_batcave
Lair:5:   hellmonk_lair_end_abyssal_woods, layout_long_grid,
          minmay_slime_entry_eyes, maelrawn_ghost_gauntlet_escape,
          infiniplex_staircase_pool_2
Shoals:1: layout_shoals, hellmonk_ghost_happy_afterlife, uniq_donald,
          uniq_josephine
Shoals:2: layout_shoals, serial_shops, nicolae_shop_stone,
          nicolae_shop_vocational
Shoals:3: layout_shoals, nicolae_shoals_spectral_cove, uniq_polyphemus
Shoals:4: shoals_end_hangedman, layout_shoals, serial_shops,
          nicolae_shop_behind_doors, nicolae_shoals_aquamancer_cove
Spider:1: layout_spider_delve
Spider:2: layout_spider_delve, hellmonk_watch_for_rolling_rocks
Spider:3: layout_spider_delve, nicolae_spider_nooks_and_crannies
Spider:4: hellmonk_spider_rune_bug_friends
Slime:1:  layout_caves
Slime:2:  layout_caves, cheibrodos_slime_lost_civilization_7
Slime:3:  layout_caves, basic_altar
Slime:4:  layout_caves
Slime:5
Orc:1:    cheibrodos_orc_guarddog, layout_caves, uniq_urug
Orc:2:    grunt_orc_tribal_feast, layout_caves, minmay_orc_temple_a,
          uniq_jorgrun
Elf:1:    minmay_coctagon, layout_geoelf_grid, kennysheep_underground_church,
          grunt_megastairs_5, uniq_nikola
Elf:2:    nicolae_elf_blades_crystal_corner, layout_geoelf_diagonals,
          uniq_azrael
Elf:3:    elf_hall_gauntlet_narrow, layout_geoelf_grid, serial_shops,
          nicolae_shop_advertising_works [nicolae_subvault_shop_adworks]
Vaults:1: v_misc_2, v_misc_30, hangedman_vaults_restitches,
          hangedman_vaults_capsules, nicolae_vaults_diagonal_hallway_8,
          vaults_dpeg_ring, v_misc_27, nicolae_vaults_little_squares_1,
          v_misc_11, layout_vaults_omnicross
Vaults:2: v_misc_22, vaults_room_boxed, nicolae_vaults_little_ls,
          ontoclasm_vaults_tryst, hangedman_vaults_restitches,
          hangedman_vaults_trim, vaults_room_semicircle, hangedman_vaults_hat,
          blue_anna_dwarven_crypt, grunt_vaults_hallway_short,
          hangedman_vaults_nodes, ontoclasm_vaults_ligature,
          vaults_mumra_bighexcomb, hangedman_vaults_stretched_pinwheel,
          vaults_mumra_hex, ontoclasm_vaults_loading_screen, v_misc_16,
          nicolae_vaults_little_squares_6, layout_vaults_ring
Vaults:3: v_alt_pattern_3, hangedman_vaults_locks, hangedman_vaults_pinch,
          nicolae_vaults_big_ls, ontoclasm_vaults_decontamination,
          nicolae_vaults_inception_network, ontoclasm_vaults_claustrophobia,
          hangedman_vaults_variations, nicolae_vaults_arrows, v_pattern_1,
          vaults_dpeg_hooks, nicolae_vaults_specimen_jars, layout_vaults_maze
Vaults:4: nicolae_vaults_ring_of_whatevers, nicolae_vaults_network_quinsquares
          [nicolae_vaults_network_quincunx_subvault,
          nicolae_vaults_network_quincunx_subvault,
          nicolae_vaults_network_quincunx_subvault,
          nicolae_vaults_network_quincunx_subvault], hangedman_vaults_impose,
          st_lines, vaults_standard_mumra_lines, v_alt_pattern_2,
          ontoclasm_vaults_misaligned, vaults_room_ringed_pool,
          layout_vaults_omnigrid, uniq_sojobo, uniq_margery
Vaults:5: uniq_boris
Crypt:1:  layout_chaotic_city, minivault_14, st_vampire_maze
Depths:1: layout_gridlike, enter_ziggurat_e, abyss_entry,
          ploomutoo_gammafunk_ghost_potion_laboratory, grunt_mini_vestibule,
          mu_enter_wizlab_1, rand_demon_pan_entry_8,
          nicolae_dithmenos_through_a_glass_darkly, kennysheep_generic_room_10,
          serial_bayou_shore_a, serial_bayou_shore_b
Depths:2: minmay_nested_s, layout_basic, nicolae_titane, hell_entry,
          grunt_pan_entry_sceptre, infiniplex_staircase_pillars_1, uniq_mara,
          uniq_grunn
Depths:3: gammafunk_its_a_trap, layout_cave_pools, hell_entry,
          nicolae_abyss_entry_one_way_or_another, roderic_lattice_a
Depths:4: grunt_twist_and_shout, layout_cave_pools, enter_trove_1,
          pf_vacation_house_of_asmodeus, minmay_metal_thing,
          serial_bayou_shore_b
Zot:1:    layout_gridlike, gammafunk_ghost_grave, nicolae_transmutations_shop,
          st_single_dragon_hoard_3
Zot:2:    kennysheep_blocky_room, layout_gridlike
Zot:3:    minmay_elemental_castle, layout_basic
Zot:4:    layout_onion_interference, uniq_vv
Zot:5:    layout_misc_corridors, lemuel_flame_loot_1, uniq_tiamat

Notes
Turn   | Place    | Note
-------+----------+-------------------------------------------
     0 | D:1      | MackTheKnife the Armataur Wanderer began the quest for the
                  | Orb.
     0 | D:1      | MackTheKnife set off with the following items: a +0 club
                  | {mace}, a potion of brilliance, a +0 leather armour, a +0
                  | buckler; and the following spell memorised: Kiss of Death;
                  | and the following spells available to memorise: Cigotuvi's
                  | Dreadful Rot, Poisonous Vapours, Animate Dead.
     0 | D:1      | Reached XP level 1. HP: 17/17 MP: 2/2
     0 | D:1      | magus.rc [v1.9.6]
   251 | D:1      | Reached XP level 2. HP: 14/24 MP: 3/3
   477 | D:1      | Reached skill level 2 in Shields
   953 | D:2      | Reached skill level 2 in Fighting
  1027 | D:2      | You pick up a book of Necromancy and begin reading...
  1027 | D:2      | You add the spells Necrotise, Vampiric Draining and Agony
                  | to your library.
  1176 | D:2      | Reached XP level 3. HP: 31/31 MP: 4/4
  1321 | D:2      | Found a radiant altar of Vehumet.
  1693 | D:3      | You add the spells Kindle Blastsparks, Ignite Poison and
                  | Freezing Cloud to your library.
  1776 | D:3      | Learned a level 1 spell: Necrotise
  1785 | D:3      | Found a faded altar of an unknown god.
  1795 | D:3      | Prayed at the altar of an unknown god.
  1795 | D:3      | Became a worshipper of Jiyva Jeunae the Shapeless
  1795 | D:3      | Reached * piety under Jiyva
  1958 | D:3      | Reached skill level 3 in Shields
  1962 | D:3      | Gained mutation: You have sharp fingernails. [potion of
                  | mutation]
  1962 | D:3      | Gained mutation: You expend magic power (3 MP) to
                  | strengthen your wands. [potion of mutation]
  1962 | D:3      | Gained mutation: You are agile. (Dex +4, Str/Int -1)
                  | [potion of mutation]
  1968 | D:3      | Reached XP level 4. HP: 38/38 MP: 5/5
  1978 | D:3      | HP: 8/38 [orc priest/+0 war axe (8)]
  1979 | D:3      | Reached skill level 4 in Shields
  2061 | D:3      | Found Xoot Bucs's Weapon Shoppe.
  2078 | D:3      | Reached XP level 5. HP: 43/43 MP: 6/6
  2094 | D:3      | Found Wawkymatt's Antique Weapon Emporium.
  2102 | D:3      | Bought a glowing rapier for 161 gold pieces
  2195 | D:3      | Found Xoppery's Weapon Shoppe.
  2232 | D:3      | Found Nuduo's Magic Scroll Boutique.
  2295 | D:3      | Found Itumuyve's General Store.
  2310 | D:3      | Reached ** piety under Jiyva
  2513 | D:4      | Reached skill level 1 in Short Blades
  2580 | D:4      | Killed a black bear
  2590 | D:4      | Noticed a phantom
  2602 | D:4      | Killed a phantom
  2603 | D:4      | Reached skill level 2 in Short Blades
  2603 | D:4      | Reached XP level 6. HP: 39/51 MP: 7/7
  2788 | D:4      | Reached *** piety under Jiyva
  2897 | D:4      | Reached skill level 3 in Short Blades
  2914 | D:4      | Found Hogreec's Jewellery Shop.
  3111 | D:5      | Entered Level 5 of the Dungeon
  3248 | D:5      | Reached skill level 4 in Short Blades
  3315 | D:5      | Found Nishra Ladgh's Lightly-Used Armoury.
  3326 | D:5      | Reached XP level 7. HP: 58/58 MP: 8/8
  3443 | D:5      | Reached skill level 5 in Short Blades
  3602 | D:5      | Gained mutation: You have a small jelly attached to you
                  | that senses nearby items. [Jiyva's grace]
  3602 | D:5      | Gained mutation: Your muscles are strong. (Str +4, Int/Dex
                  | -1) [Jiyva's grace]
  3602 | D:5      | Gained mutation: Your muscles are very strong. (Str +8,
                  | Int/Dex -2) [Jiyva's grace]
  3602 | D:5      | Gained mutation: You are robust. (+10% HP) [Jiyva's grace]
  3608 | D:5      | Found a staircase to the Ecumenical Temple.
  3618 | D:5      | Reached **** piety under Jiyva
  3853 | D:6      | Found a bloodstained altar of Trog.
  3861 | D:6      | Reached skill level 6 in Short Blades
  3976 | D:6      | Noticed Edmund
  4000 | D:6      | HP: 16/65 [Edmund/+0 dire flail of protection (12)]
  4002 | D:6      | HP: 5/65 [Edmund/+0 dire flail of protection (4)]
  4019 | D:6      | Killed Edmund
  4020 | D:6      | Reached skill level 3 in Fighting
  4020 | D:6      | Reached XP level 8. HP: 69/77 MP: 7/9
  4032 | D:6      | Found a shimmering altar of Xom.
  4040 | D:6      | Found Ymoi's Jewellery Emporium.
  4206 | D:6      | Found Orarasi's Distillery.
  4243 | D:6      | Reached skill level 4 in Fighting
  4261 | D:6      | Reached skill level 5 in Fighting
  4293 | D:6      | Reached skill level 6 in Fighting
  4330 | D:6      | Reached skill level 7 in Fighting
  4335 | D:6      | Reached XP level 9. HP: 86/92 MP: 10/10
  4343 | D:6      | Noticed a kobold demonologist
  4348 | D:6      | Killed a kobold demonologist
  4349 | D:6      | Reached skill level 8 in Fighting
  4440 | D:6      | Reached skill level 9 in Fighting
  4515 | D:6      | Reached skill level 2 in Necromancy
  4569 | D:6      | Reached skill level 2 in Spellcasting
  4660 | D:6      | Reached skill level 3 in Necromancy
  4772 | D:6      | Found Rychiore's Weapon Emporium.
  4877 | D:6      | Found Kesalawe's Antique Armour Boutique.
  4894 | D:6      | Reached skill level 3 in Spellcasting
  4895 | D:6      | Bought a warped ring mail for 198 gold pieces
  4895 | D:6      | Identified the +7 ring mail "Tuzxets" {rC+ SInv Stlth+}
                  | (You bought it in a shop on level 6 of the Dungeon)
  5231 | D:6      | Noticed a manticore
  5245 | D:6      | Killed a manticore
  5474 | D:6      | Found a shadowy altar of Dithmenos.
  5474 | D:6      | Found a snail-covered altar of Cheibriados.
  5476 | D:6      | Found a white marble altar of Elyvilon.
  5476 | D:6      | Found a stormy altar of Qazlal.
  5476 | D:6      | Found an iron altar of Okawaru.
  5568 | D:7      | Reached skill level 4 in Necromancy
  5568 | D:7      | Reached XP level 10. HP: 102/106 MP: 15/15
  5621 | D:7      | Lost mutation: You are agile. (Dex +4, Str/Int -1) [Jiyva's
                  | grace]
  5621 | D:7      | Lost mutation: Your muscles are very strong. (Str +8,
                  | Int/Dex -2) [Jiyva's grace]
  5621 | D:7      | Lost mutation: Your muscles are strong. (Str +4, Int/Dex
                  | -1) [Jiyva's grace]
  5621 | D:7      | Lost mutation: You expend magic power (3 MP) to strengthen
                  | your wands. [Jiyva's grace]
  5621 | D:7      | Gained mutation: Your mind is acute. (Int +4, Str/Dex -1)
                  | [Jiyva's grace]
  5621 | D:7      | Gained mutation: Your mind is very acute. (Int +8, Str/Dex
                  | -2) [Jiyva's grace]
  5621 | D:7      | Gained mutation: Armour fits poorly on your pseudopods.
                  | [Jiyva's grace]
  5621 | D:7      | Gained mutation: Armour fits poorly on your large
                  | pseudopods. [Jiyva's grace]
  5627 | D:7      | Learned a level 4 spell: Animate Dead
  5639 | D:7      | Reached skill level 4 in Spellcasting
  6662 | D:8      | Reached ***** piety under Jiyva
  6662 | D:8      | Noticed a manticore
  6673 | D:8      | Killed a manticore
  6674 | D:8      | Reached skill level 5 in Necromancy
  6677 | D:8      | Noticed a seven-headed hydra
  6683 | D:8      | Killed a seven-headed hydra
  6684 | D:8      | Reached skill level 5 in Spellcasting
  6857 | D:8      | Noticed Psyche
  6863 | D:8      | Killed Psyche
  7427 | D:8      | Lost mutation: You have sharp fingernails. [Jiyva's grace]
  7427 | D:8      | Gained mutation: You have a small jelly attached to you
                  | that may absorb projectiles. [Jiyva's grace]
  7427 | D:8      | Gained mutation: You have a pair of small horns on your
                  | head. [Jiyva's grace]
  7427 | D:8      | Gained mutation: You have a pair of horns on your head.
                  | [Jiyva's grace]
  7427 | D:8      | Gained mutation: You have a pair of large horns on your
                  | head. [Jiyva's grace]
  7547 | D:9      | Reached skill level 6 in Necromancy
  7619 | D:9      | Reached skill level 6 in Spellcasting
  7849 | D:9      | Found a staircase to the Lair.
  8493 | Lair:1   | Entered Level 1 of the Lair of Beasts
  8569 | Lair:1   | Reached ****** piety under Jiyva
  8576 | Lair:1   | Reached XP level 11. HP: 113/113 MP: 20/20
  8719 | Lair:1   | Reached skill level 7 in Necromancy
  8728 | Lair:1   | Reached skill level 7 in Spellcasting
  8745 | Lair:1   | Noticed an anaconda
  8763 | Lair:1   | Killed an anaconda
  8786 | Lair:1   | Noticed a dire elephant
  8800 | Lair:1   | Killed a dire elephant
  8801 | Lair:1   | Reached skill level 8 in Necromancy
  8842 | Lair:1   | Reached skill level 2 in Armour
  8847 | Lair:1   | Reached skill level 3 in Armour
  8850 | Lair:1   | Reached skill level 4 in Armour
  8871 | Lair:1   | Noticed a dire elephant
  8871 | Lair:1   | Noticed an alligator
  8871 | Lair:1   | Noticed an alligator
  8877 | Lair:1   | Reached skill level 5 in Armour
  8883 | Lair:1   | Killed an alligator
  8884 | Lair:1   | Reached skill level 6 in Armour
  8886 | Lair:1   | HP: 25/113 [dire elephant (14)]
  8891 | Lair:1   | HP: 17/113 [dire elephant zombie[the player character]
                  | (18)]
  8898 | Lair:1   | HP: 7/113 [alligator (18)]
  9070 | Lair:2   | magus.rc [v1.9.6]
  9070 | Lair:2   | magus.rc [v1.9.6]
  9070 | Lair:2   | magus.rc [v1.9.6]
  9074 | Lair:2   | Learned a level 3 spell: Vampiric Draining
  9081 | Lair:2   | Reached skill level 7 in Armour
  9228 | Lair:2   | Reached skill level 8 in Armour
  9248 | Lair:2   | Reached XP level 12. HP: 67/121 MP: 7/23
  9262 | Lair:2   | Reached skill level 9 in Armour
  9378 | Lair:2   | Identified the +6 mace "Kost" {antimagic, rN+ Int+2}
  9487 | Lair:2   | Reached skill level 10 in Armour
  9669 | D:5      | Bought a -1 barding for 180 gold pieces
 10026 | Lair:2   | Lost mutation: Your mind is very acute. (Int +8, Str/Dex
                  | -2) [Jiyva's grace]
 10026 | Lair:2   | Lost mutation: You have a small jelly attached to you that
                  | senses nearby items. [Jiyva's grace]
 10026 | Lair:2   | Gained mutation: Your natural rate of healing is unusually
                  | fast. [Jiyva's grace]
 10026 | Lair:2   | Gained mutation: You heal very quickly. [Jiyva's grace]
 10026 | Lair:2   | Gained mutation: You regenerate. [Jiyva's grace]
 10026 | Lair:2   | Gained mutation: You are somewhat resistant to further
                  | mutation. [Jiyva's grace]
 10381 | Lair:3   | Reached skill level 11 in Armour
 10502 | Lair:3   | Reached skill level 12 in Armour
 10661 | Lair:3   | Reached skill level 10 in Fighting
 10825 | Lair:3   | Reached skill level 11 in Fighting
 10994 | Lair:3   | You pick up a book of Burglary and begin reading...
 10994 | Lair:3   | You add the spells Passwall, Ensorcelled Hibernation and
                  | Swiftness to your library.
 11034 | Lair:3   | Found a hole to the Spider Nest.
 11044 | Lair:3   | Reached XP level 13. HP: 104/135 MP: 17/24
 11177 | Lair:3   | Found a blossoming altar of Fedhas.
 11250 | Lair:3   | Noticed Amaemon
 11259 | Lair:3   | Killed Amaemon
 11291 | Lair:3   | Reached skill level 12 in Fighting
 11332 | Lair:3   | Found a stormy altar of Qazlal.
 11429 | Lair:3   | Found a staircase to the Shoals.
 11788 | Lair:4   | Reached skill level 13 in Fighting
 11950 | Lair:4   | You pick up a book of Power and begin reading...
 11950 | Lair:4   | You add the spells Iskenderun's Battlesphere, Iron Shot and
                  | Spellforged Servitor to your library.
 11986 | Lair:4   | Reached skill level 8 in Spellcasting
 12072 | Lair:4   | Reached skill level 9 in Spellcasting
 12216 | Lair:4   | Reached XP level 14. HP: 152/152 MP: 25/27
 12237 | Lair:4   | Learned a level 6 spell: Iron Shot
 12251 | Lair:4   | Reached skill level 1 in Earth Magic
 12263 | Lair:4   | Reached skill level 2 in Earth Magic
 12269 | Lair:4   | Reached skill level 3 in Earth Magic
 12466 | Lair:4   | Reached skill level 4 in Earth Magic
 12705 | Lair:4   | Reached skill level 5 in Earth Magic
 12773 | Lair:4   | Reached skill level 6 in Earth Magic
 12787 | Lair:4   | Lost mutation: You have a pair of large horns on your head.
                  | [Jiyva's grace]
 12787 | Lair:4   | Lost mutation: You are somewhat resistant to further
                  | mutation. [Jiyva's grace]
 12787 | Lair:4   | Lost mutation: Armour fits poorly on your large pseudopods.
                  | [Jiyva's grace]
 12787 | Lair:4   | Gained mutation: Your spells are a little harder to cast,
                  | but a little more powerful. [Jiyva's grace]
 12787 | Lair:4   | Gained mutation: Your spells are harder to cast, but more
                  | powerful. [Jiyva's grace]
 12787 | Lair:4   | Gained mutation: Your spells are much harder to cast, but
                  | much more powerful. [Jiyva's grace]
 12787 | Lair:4   | Gained mutation: You are covered in slimy tendrils that may
                  | disarm your opponents. [Jiyva's grace]
 13100 | Lair:5   | Entered Level 5 of the Lair of Beasts
 13136 | Lair:5   | Reached skill level 10 in Spellcasting
 13162 | Lair:5   | Found a staircase to the Slime Pits.
 13170 | Slime:1  | Entered Level 1 of the Pits of Slime
 13189 | Slime:1  | Noticed an azure jelly
 13244 | Slime:2  | Noticed an acid blob
 13248 | Slime:2  | Noticed an acid blob
 13250 | Slime:3  | Noticed a rockslime
 13250 | Slime:3  | Found a viscous altar of Jiyva.
 13302 | Slime:3  | Noticed a quicksilver ooze
 13309 | Slime:4  | Noticed a quicksilver ooze
 13311 | Slime:5  | Entered Level 5 of the Pits of Slime
 13315 | Slime:5  | Noticed an acid blob
 13319 | Slime:5  | Noticed an acid blob
 13330 | Slime:5  | Found a viscous altar of Jiyva.
 13331 | Slime:5  | Noticed an acid blob
 13333 | Slime:5  | Noticed an acid blob
 13334 | Slime:5  | Noticed an acid blob
 13335 | Slime:5  | Noticed the Royal Jelly
 13336 | Slime:5  | You add the spells Animate Armour and Disjunction to your
                  | library.
 13336 | Slime:5  | Got Taxt's Folio of Felsic Peregrination
 13339 | Slime:5  | Noticed an acid blob
 13340 | Slime:5  | Identified the +7 chain mail of Plasticity {Str+2 Int+2}
 13351 | Slime:5  | Got a slimy rune of Zot
 13352 | Slime:5  | Identified the +9 falchion "Brush" {freeze, Str+2 SInv
                  | Stlth-}
 13362 | Slime:5  | Identified the amulet "Jeummiemy" {rPois Regen+ rCorr}
 13364 | Slime:5  | Noticed an azure jelly
 13367 | Slime:5  | Noticed a rockslime
 13375 | Slime:5  | You add the spells Airstrike, Summon Lightning Spire and
                  | Dispersal to your library.
 13375 | Slime:5  | Got Bafaem's Vademecum on Relocated Conduction
 13378 | Slime:5  | Found the +9 scales of the Dragon King {rPois rF+ rC+
                  | Will+}
 13384 | Slime:5  | Identified the ring "Nuysm" {rN++ Str-3 SInv}
 13389 | Slime:5  | You add the spells Sandblast, Static Discharge, Mephitic
                  | Cloud and Lee's Rapid Deconstruction to your library.
 13389 | Slime:5  | Got the Anthology of Lithomancy and the Wind
 13390 | Slime:5  | Identified the +11 quarterstaff "Duddayc" {flame, *Corrode
                  | rElec rN+ Str+5}
 13466 | Slime:5  | Noticed a quicksilver ooze
 13476 | Slime:4  | Noticed a rockslime
 13524 | Slime:1  | Noticed an acid blob
 13535 | Lair:5   | Reached skill level 1 in Long Blades
 13628 | Lair:5   | Found a runed translucent gate.
 13629 | Lair:5   | Found a runed translucent gate.
 13630 | Lair:5   | Found a runed translucent gate.
 13632 | Lair:5   | Noticed Athor's ghost (journeyman FoFi)
 13661 | Lair:5   | Reached skill level 2 in Long Blades
 13677 | Lair:5   | Identified the ring "Zilasey" {Will- Str+5 Dex+6}
 13723 | Lair:5   | Reached skill level 3 in Long Blades
 13961 | Lair:5   | Reached skill level 4 in Long Blades
 14059 | Lair:5   | Reached skill level 5 in Long Blades
 14070 | Lair:5   | Identified the +7 flail "Ijurph" {flame, rC+++ Str-3 Dex+2
                  | SInv}
 14139 | Lair:5   | Reached skill level 6 in Long Blades
 14362 | Lair:5   | Found a corrupted altar of Lugonu.
 14362 | Lair:5   | Found a one-way gate to the infinite horrors of the Abyss.
 14391 | Lair:5   | You pick up a book of Hexes and begin reading...
 14391 | Lair:5   | You add the spells Inner Flame, Cause Fear and Discord to
                  | your library.
 14583 | D:10     | Entered Level 10 of the Dungeon
 14584 | D:10     | magus.rc [v1.9.6]
 14956 | D:10     | Noticed Erica
 14962 | D:10     | Killed Erica
 15038 | D:10     | Reached skill level 7 in Long Blades
 15263 | D:11     | Lost mutation: You regenerate. [Jiyva's grace]
 15263 | D:11     | Lost mutation: You are robust. (+10% HP) [Jiyva's grace]
 15263 | D:11     | Lost mutation: Your spells are much harder to cast, but
                  | much more powerful. [Jiyva's grace]
 15263 | D:11     | Lost mutation: Your spells are harder to cast, but more
                  | powerful. [Jiyva's grace]
 15263 | D:11     | Lost mutation: You are covered in slimy tendrils that may
                  | disarm your opponents. [Jiyva's grace]
 15263 | D:11     | Gained mutation: You are partially covered in iridescent
                  | scales. (AC +2) [Jiyva's grace]
 15263 | D:11     | Gained mutation: You are mostly covered in iridescent
                  | scales. (AC +4) [Jiyva's grace]
 15263 | D:11     | Gained mutation: You are completely covered in iridescent
                  | scales. (AC +6) [Jiyva's grace]
 15263 | D:11     | Gained mutation: You have a small jelly attached to you
                  | that senses nearby items. [Jiyva's grace]
 15664 | D:11     | Found a staircase to the Orcish Mines.
 15805 | Orc:1    | Entered Level 1 of the Orcish Mines
 15815 | Orc:1    | Reached XP level 15. HP: 138/146 MP: 29/29
 15838 | Orc:1    | Reached skill level 8 in Long Blades
 16398 | Orc:2    | Entered Level 2 of the Orcish Mines
 16398 | Orc:2    | Found a staircase to the Elven Halls.
 16406 | Orc:2    | Noticed Jorgrun
 16477 | Orc:2    | Killed Jorgrun
 16528 | Orc:2    | Reached skill level 9 in Long Blades
 16822 | Orc:2    | HP: 33/146 [orc high priest/divine providence (13)]
 16882 | Orc:2    | Lost mutation: You heal very quickly. [Jiyva's grace]
 16882 | Orc:2    | Gained mutation: Your muscles are strong. (Str +4, Int/Dex
                  | -1) [Jiyva's grace]
 16882 | Orc:2    | Gained mutation: Your muscles are very strong. (Str +8,
                  | Int/Dex -2) [Jiyva's grace]
 16882 | Orc:2    | Gained mutation: You possess an exceptional clarity of
                  | mind. [Jiyva's grace]
 16882 | Orc:2    | Gained mutation: Your rubbery body absorbs attacks. (AC +1,
                  | EV +1) [Jiyva's grace]
 17198 | Orc:2    | Found Riuppirph's General Store.
 17198 | Orc:2    | Found Uriunig's Antique Armour Boutique.
 17202 | Orc:2    | Reached skill level 10 in Long Blades
 17203 | Orc:2    | Found Gejiyble's Antique Armour Boutique.
 17203 | Orc:2    | Found Eniemyi's General Store.
 17387 | D:12     | Found Wusy's Book Shop.
 17518 | D:12     | Noticed a frost giant
 17518 | D:12     | Noticed a fire giant
 17532 | D:12     | Killed a frost giant
 17536 | D:12     | Killed a fire giant
 17553 | D:12     | Reached skill level 13 in Armour
 17557 | D:12     | Identified the +10 scimitar of Uguasch {heavy, Drain Str+4
                  | Int+7 SInv}
 17563 | D:12     | You add the spells Dispel Undead, Lightning Bolt and
                  | Borgnjor's Vile Clutch to your library.
 17563 | D:12     | Got the Directory of the Sepulchral Sixfirhy
 17564 | D:12     | Identified the +1 glaive "Madiopt" {heavy, Str-4 Int+4
                  | Dex+3}
 17569 | D:12     | C - a +2 eveningstar of holy wrath {macerare=g}
 17570 | D:12     | You drop a +2 eveningstar of holy wrath {macerare=g}.
 17605 | D:12     | You add the spells Stone Arrow and Fireball to your
                  | library.
 17605 | D:12     | Got the Discursus on Glowing Destruction
 17730 | D:12     | Found Omothyl's Magic Scroll Emporium.
 18014 | D:12     | Found a glowing golden altar of the Shining One.
 18099 | D:12     | Found Meun Pema's General Store.
 18102 | D:12     | Bought 3 scrolls of enchant armour for 270 gold pieces
 18522 | D:13     | Identified the +0 robe "Hufas" {rN+ Regen+ rCorr Stlth+}
 18556 | D:13     | Reached skill level 14 in Armour
 18623 | D:13     | Noticed Urug
 18623 | D:13     | Noticed Rupert
 18637 | D:13     | Slimified Rupert
 18637 | D:13     | Rupert changed into Rupert the azure jelly
 18637 | D:13     | Noticed Rupert
 18639 | D:13     | Killed Urug
 18662 | D:13     | Found a gate to the Vaults.
 18679 | D:13     | Reached skill level 15 in Armour
 18696 | D:13     | Noticed Lodul
 18701 | D:13     | Killed Lodul
 19009 | D:14     | Lost mutation: You are completely covered in iridescent
                  | scales. (AC +6) [Jiyva's grace]
 19009 | D:14     | Lost mutation: You are mostly covered in iridescent scales.
                  | (AC +4) [Jiyva's grace]
 19009 | D:14     | Lost mutation: You are partially covered in iridescent
                  | scales. (AC +2) [Jiyva's grace]
 19009 | D:14     | Lost mutation: Your muscles are very strong. (Str +8,
                  | Int/Dex -2) [Jiyva's grace]
 19009 | D:14     | Lost mutation: Your spells are a little harder to cast, but
                  | a little more powerful. [Jiyva's grace]
 19009 | D:14     | Gained mutation: Your body has grown eyes which may confuse
                  | attackers. (Acc +3) [Jiyva's grace]
 19009 | D:14     | Gained mutation: Your body has grown many eyes which may
                  | confuse attackers. (Acc +5) [Jiyva's grace]
 19009 | D:14     | Gained mutation: Your body is covered in eyes which may
                  | confuse attackers. (Acc +7, SInv) [Jiyva's grace]
 19009 | D:14     | Gained mutation: You have large cloven feet. [Jiyva's
                  | grace]
 19164 | D:14     | Reached XP level 16. HP: 99/155 MP: 30/30
 19221 | D:14     | Reached skill level 16 in Armour
 19588 | D:15     | Entered Level 15 of the Dungeon
 19890 | D:15     | Found a staircase to the Depths.
 20644 | Spider:1 | Entered Level 1 of the Spider Nest
 20645 | Spider:1 | magus.rc [v1.9.6]
 20676 | Spider:1 | Reached skill level 9 in Necromancy
 20787 | Shoals:1 | Entered Level 1 of the Shoals
 21031 | D:4      | Bought a ring of willpower for 275 gold pieces
 21034 | D:4      | magus.rc [v1.9.6]
 21265 | Elf:1    | Entered Level 1 of the Elven Halls
 21321 | Elf:1    | Paralysed by an air elemental for 1 turns
 21348 | Elf:1    | Identified the +9 battleaxe "Spider's Death Toll" {freeze,
                  | Will+ rCorr Int+2 Dex+5}
 21405 | Elf:1    | Noticed Nikola
 21414 | Elf:1    | Slimified Nikola
 21414 | Elf:1    | Nikola changed into Nikola the acid blob
 21414 | Elf:1    | Noticed Nikola
 21425 | Elf:1    | Lost mutation: You have large cloven feet. [Jiyva's grace]
 21425 | Elf:1    | Lost mutation: You have a pair of horns on your head.
                  | [Jiyva's grace]
 21425 | Elf:1    | Lost mutation: Your mind is acute. (Int +4, Str/Dex -1)
                  | [Jiyva's grace]
 21425 | Elf:1    | Lost mutation: Your natural rate of healing is unusually
                  | fast. [Jiyva's grace]
 21425 | Elf:1    | Lost mutation: Your body is covered in eyes which may
                  | confuse attackers. (Acc +7, SInv) [Jiyva's grace]
 21425 | Elf:1    | Lost mutation: Armour fits poorly on your pseudopods.
                  | [Jiyva's grace]
 21425 | Elf:1    | Gained mutation: You are partially covered in iridescent
                  | scales. (AC +2) [Jiyva's grace]
 21425 | Elf:1    | Gained mutation: You are mostly covered in iridescent
                  | scales. (AC +4) [Jiyva's grace]
 21425 | Elf:1    | Gained mutation: You are completely covered in iridescent
                  | scales. (AC +6) [Jiyva's grace]
 21425 | Elf:1    | Gained mutation: Your pliable body absorbs attacks. (AC +2,
                  | EV +2) [Jiyva's grace]
 21478 | Elf:1    | Reached skill level 1 in Axes
 21486 | Elf:1    | Reached skill level 2 in Axes
 21532 | Elf:1    | HP: 17/155 [deep elf zephyrmancer/bolt of lightning (32)]
 21540 | Elf:1    | You fall into a shaft and drop 1 floor!
 21580 | Elf:2    | Paralysed by an air elemental for 1 turns
 21581 | Elf:2    | Reached skill level 3 in Axes
 21638 | Elf:2    | Reached skill level 4 in Axes
 21777 | Elf:1    | Reached skill level 5 in Axes
 21999 | Elf:1    | Reached skill level 6 in Axes
 22170 | Elf:1    | Reached skill level 7 in Axes
 22202 | Elf:1    | You pick up a book of Maledictions and begin reading...
 22202 | Elf:1    | You add the spells Anguish and Enfeeble to your library.
 22369 | Elf:1    | Learned a level 5 spell: Borgnjor's Vile Clutch
 22622 | Elf:1    | magus.rc [v1.9.6]
 22920 | Shoals:1 | Noticed Tiucw's ghost (adept BaCj)
 22922 | Shoals:1 | You pick up a book of the Warp and begin reading...
 22924 | Shoals:1 | Found a runed translucent door.
 22924 | Shoals:1 | Noticed Donald
 22957 | Shoals:1 | Killed Donald
 23096 | Shoals:1 | Reached skill level 8 in Axes
 23122 | Shoals:1 | Reached XP level 17. HP: 154/161 MP: 31/31
 23377 | Shoals:1 | You fall into a shaft and drop 1 floor!
 23453 | Shoals:2 | Reached skill level 9 in Axes
 23495 | Shoals:2 | Found Revafella's Magic Scroll Emporium.
 23538 | Shoals:2 | Bought a scroll of enchant armour for 97 gold pieces
 23575 | Shoals:2 | magus.rc [v1.9.6]
 23582 | Shoals:2 | Found Unleyc Pabb's Vocational Training.
 23863 | Shoals:1 | Noticed Josephine
 23872 | Shoals:1 | Killed Josephine
 24126 | Shoals:1 | Killed Tiucw's ghost
 24127 | Shoals:1 | Reached skill level 10 in Axes
 24407 | Shoals:3 | Upgraded the game from 0.30-a0-586-g23e55c9e0a to
                  | 0.30-a0-591-g3c58d2bc28
 24407 | Shoals:3 | magus.rc [v1.9.6]
 24428 | Shoals:3 | magus.rc [v1.9.6]
 24463 | Shoals:3 | Gained mutation: A frigid envelope surrounds you and
                  | freezes all who hurt you. [Jiyva's grace]
 24463 | Shoals:3 | Gained mutation: Your muscles are very strong. (Str +8,
                  | Int/Dex -2) [Jiyva's grace]
 24463 | Shoals:3 | Gained mutation: You have hidden genetic potential.
                  | [Jiyva's grace]
 24463 | Shoals:3 | Gained mutation: You have great hidden genetic potential.
                  | [Jiyva's grace]
 24601 | Shoals:3 | Reached skill level 11 in Axes
 24673 | Shoals:3 | Noticed Polyphemus
 24697 | Shoals:2 | Killed Polyphemus
 25130 | Shoals:4 | Entered Level 4 of the Shoals
 25140 | Shoals:4 | Found Xoepumn's Magic Scroll Boutique.
 25187 | Shoals:4 | You pick up a book of the Hunter and begin reading...
 25187 | Shoals:4 | You add the spells Call Canine Familiar, Portal Projectile
                  | and Leda's Liquefaction to your library.
 25206 | Shoals:4 | Reached skill level 12 in Axes
 25429 | Shoals:4 | Bought 3 scrolls of enchant armour for 427 gold pieces
 25429 | Shoals:4 | Bought a scroll of enchant armour for 142 gold pieces
 25429 | Shoals:4 | Bought a scroll of teleportation for 57 gold pieces
 25478 | Shoals:4 | Identified the +2 battleaxe "Ox" {freeze, MP+9 Str+4 Int+4}
 25530 | Shoals:4 | Identified the +8 spear of Sunlight {venom, Fragile rN+
                  | Dex+4}
 25530 | Shoals:4 | Identified the ring of Epluraa {Wiz Stlth+}
 25685 | Shoals:4 | magus.rc [v1.9.6]
 25742 | Shoals:4 | Reached skill level 13 in Axes
 25765 | Shoals:4 | Reached XP level 18. HP: 145/170 MP: 32/32
 25945 | Shoals:4 | Got a barnacled rune of Zot
 26342 | Vaults:1 | Entered Level 1 of the Vaults
 26360 | Vaults:1 | Lost mutation: Your body has grown many eyes which may
                  | confuse attackers. (Acc +5) [Jiyva's grace]
 26360 | Vaults:1 | Lost mutation: You have great hidden genetic potential.
                  | [Jiyva's grace]
 26360 | Vaults:1 | Gained mutation: You are strong-willed. (Will+) [Jiyva's
                  | grace]
 26360 | Vaults:1 | Gained mutation: You are highly strong-willed. (Will++)
                  | [Jiyva's grace]
 26360 | Vaults:1 | Gained mutation: You are extremely strong-willed. (Will+++)
                  | [Jiyva's grace]
 26360 | Vaults:1 | Gained mutation: You are resistant to electric shocks.
                  | (rElec) [Jiyva's grace]
 26490 | Vaults:1 | magus.rc [v1.9.6]
 26549 | Vaults:1 | Reached skill level 14 in Axes
 26571 | Vaults:1 | Gained mutation: You have sharp fingernails. [hidden
                  | potential]
 26596 | Vaults:1 | Identified the +2 leather armour "Lyjiun" {Will+ Int+5}
 27452 | Vaults:2 | Reached skill level 15 in Axes
 27824 | Spider:1 | Reached skill level 16 in Axes
 28214 | Spider:1 | Lost mutation: You are completely covered in iridescent
                  | scales. (AC +6) [Jiyva's grace]
 28214 | Spider:1 | Lost mutation: You are mostly covered in iridescent scales.
                  | (AC +4) [Jiyva's grace]
 28214 | Spider:1 | Lost mutation: You possess an exceptional clarity of mind.
                  | [Jiyva's grace]
 28214 | Spider:1 | Lost mutation: You are extremely strong-willed. (Will+++)
                  | [Jiyva's grace]
 28214 | Spider:1 | Lost mutation: You have hidden genetic potential. [Jiyva's
                  | grace]
 28214 | Spider:1 | Lost mutation: You have a small jelly attached to you that
                  | may absorb projectiles. [Jiyva's grace]
 28214 | Spider:1 | Gained mutation: You are mostly covered in iridescent
                  | scales. (AC +4) [Jiyva's grace]
 28214 | Spider:1 | Gained mutation: You are completely covered in iridescent
                  | scales. (AC +6) [Jiyva's grace]
 28214 | Spider:1 | Gained mutation: Armour fits poorly on your pseudopods.
                  | [Jiyva's grace]
 28214 | Spider:1 | Gained mutation: Armour fits poorly on your large
                  | pseudopods. [Jiyva's grace]
 28388 | Spider:2 | magus.rc [v1.9.6]
 28621 | Spider:2 | Reached XP level 19. HP: 177/177 MP: 11/33
 29060 | Spider:3 | You pick up a book of Weapons and begin reading...
 29060 | Spider:3 | You add the spells Tukima's Dance and Blade Hands to your
                  | library.
 29219 | Spider:3 | Reached skill level 17 in Axes
 29882 | Spider:4 | Entered Level 4 of the Spider Nest
 30000 | Spider:4 | Reached skill level 18 in Axes
 30041 | Spider:4 | Lost mutation: Your muscles are very strong. (Str +8,
                  | Int/Dex -2) [Jiyva's grace]
 30041 | Spider:4 | Lost mutation: Your body has grown eyes which may confuse
                  | attackers. (Acc +3) [Jiyva's grace]
 30041 | Spider:4 | Lost mutation: You have a small jelly attached to you that
                  | senses nearby items. [Jiyva's grace]
 30041 | Spider:4 | Gained mutation: You are covered in slimy tendrils that may
                  | disarm your opponents. [Jiyva's grace]
 30041 | Spider:4 | Gained mutation: Armour fits poorly on your massive
                  | pseudopods. [Jiyva's grace]
 30041 | Spider:4 | Gained mutation: Your body has grown eyes which may confuse
                  | attackers. (Acc +3) [Jiyva's grace]
 30041 | Spider:4 | Gained mutation: Your body has grown many eyes which may
                  | confuse attackers. (Acc +5) [Jiyva's grace]
 30069 | Spider:4 | Got a gossamer rune of Zot
 30913 | Vaults:2 | Reached skill level 19 in Axes
 31096 | Vaults:2 | Found a staircase to the Crypt.
 31361 | Vaults:2 | Reached XP level 20. HP: 185/185 MP: 34/34
 32143 | Vaults:3 | Lost mutation: You are completely covered in iridescent
                  | scales. (AC +6) [Jiyva's grace]
 32143 | Vaults:3 | Lost mutation: You are resistant to electric shocks.
                  | (rElec) [Jiyva's grace]
 32143 | Vaults:3 | Lost mutation: Armour fits poorly on your massive
                  | pseudopods. [Jiyva's grace]
 32143 | Vaults:3 | Lost mutation: Armour fits poorly on your large pseudopods.
                  | [Jiyva's grace]
 32143 | Vaults:3 | Lost mutation: You are covered in slimy tendrils that may
                  | disarm your opponents. [Jiyva's grace]
 32143 | Vaults:3 | Gained mutation: You have a small jelly attached to you
                  | that may absorb projectiles. [Jiyva's grace]
 32143 | Vaults:3 | Gained mutation: Armour fits poorly on your large
                  | pseudopods. [Jiyva's grace]
 32143 | Vaults:3 | Gained mutation: Armour fits poorly on your massive
                  | pseudopods. [Jiyva's grace]
 32143 | Vaults:3 | Gained mutation: You have hidden genetic potential.
                  | [Jiyva's grace]
 32248 | Vaults:3 | You add the spells Blink and Storm Form to your library.
 32280 | Vaults:3 | Reached skill level 20 in Axes
 32377 | Vaults:3 | Reached skill level 14 in Fighting
 32883 | Vaults:3 | Reached skill level 15 in Fighting
 33001 | Vaults:3 | Identified the ring "Nydesam" {Drain rPois rCorr Int+6
                  | Dex-4}
 33448 | Vaults:4 | Noticed Margery
 33451 | Vaults:4 | Slimified Margery
 33451 | Vaults:4 | Margery changed into Margery the acid blob
 33451 | Vaults:4 | Noticed Margery
 33642 | Vaults:4 | Reached skill level 16 in Fighting
 33652 | Vaults:4 | Lost mutation: You have sharp fingernails. [Jiyva's grace]
 33652 | Vaults:4 | Lost mutation: Your body has grown many eyes which may
                  | confuse attackers. (Acc +5) [Jiyva's grace]
 33652 | Vaults:4 | Lost mutation: Your pliable body absorbs attacks. (AC +2,
                  | EV +2) [Jiyva's grace]
 33652 | Vaults:4 | Lost mutation: Armour fits poorly on your massive
                  | pseudopods. [Jiyva's grace]
 33652 | Vaults:4 | Gained mutation: Your mind is acute. (Int +4, Str/Dex -1)
                  | [Jiyva's grace]
 33652 | Vaults:4 | Gained mutation: Your mind is very acute. (Int +8, Str/Dex
                  | -2) [Jiyva's grace]
 33652 | Vaults:4 | Gained mutation: Your translucent skin slightly reduces
                  | your foes' accuracy. (Stealth+) [Jiyva's grace]
 33652 | Vaults:4 | Gained mutation: Your translucent skin reduces your foes'
                  | accuracy. (Stealth+) [Jiyva's grace]
 33780 | Vaults:4 | Noticed Sojobo
 33786 | Vaults:4 | Paralysed by an air elemental for 1 turns
 33792 | Vaults:4 | Paralysed by an air elemental for 1 turns
 33799 | Vaults:4 | Killed Sojobo
 33801 | Vaults:4 | a +0 triple sword of electrocution {longrare=g}; a +2 ring
                  | mail of fire resistance; the tengu corpse of Sojobo
 33802 | Vaults:4 | Reached skill level 17 in Armour
 34041 | Vaults:4 | Reached skill level 1 in Evocations
 34131 | Vaults:4 | Reached skill level 2 in Evocations
 34154 | Vaults:4 | Reached XP level 21. HP: 193/201 MP: 33/35
 34159 | Vaults:4 | Reached skill level 3 in Evocations
 34292 | Vaults:4 | Reached skill level 4 in Evocations
 34884 | Elf:2    | Reached skill level 5 in Evocations
 35089 | Elf:2    | Reached skill level 6 in Evocations
 35175 | Elf:2    | Found a runed translucent gate.
 35176 | Elf:2    | Found a runed translucent gate.
 35176 | Elf:2    | Found a runed translucent gate.
 35206 | Elf:3    | Entered Level 3 of the Elven Halls
 35280 | Elf:3    | Lost mutation: Your mind is very acute. (Int +8, Str/Dex
                  | -2) [Jiyva's grace]
 35280 | Elf:3    | Lost mutation: Your body has grown eyes which may confuse
                  | attackers. (Acc +3) [Jiyva's grace]
 35280 | Elf:3    | Gained mutation: Your pliable body absorbs attacks. (AC +2,
                  | EV +2) [Jiyva's grace]
 35280 | Elf:3    | Gained mutation: Your gelatinous body deflects attacks. (AC
                  | +3, EV +3) [Jiyva's grace]
 35280 | Elf:3    | Gained mutation: Your tail ends in a venomous barb.
                  | [Jiyva's grace]
 35280 | Elf:3    | Gained mutation: Your tail ends in a sharp venomous barb.
                  | [Jiyva's grace]
 35338 | Elf:3    | Found Qesynij's Distillery.
 35357 | Elf:3    | Bought a potion of heal wounds for 95 gold pieces
 35357 | Elf:3    | Bought a potion of cancellation for 152 gold pieces
 35420 | Elf:3    | You add the spells Sticky Flame and Ignition to your
                  | library.
 35496 | Elf:3    | Paralysed by an air elemental for 1 turns
 35550 | Elf:3    | Gained mutation: Your spells are a little harder to cast,
                  | but a little more powerful. [hidden potential]
 35644 | Elf:3    | Reached skill level 7 in Evocations
 35886 | Elf:3    | Reached skill level 8 in Evocations
 35929 | Elf:3    | Reached skill level 9 in Evocations
 35938 | Elf:3    | Got the Lectures on Overcast Grit
 35940 | Elf:3    | You add the spells Call Imp, Vhi's Electric Charge, Summon
                  | Mana Viper and Malign Gateway to your library.
 35940 | Elf:3    | Got Sif Muna's Atlas of the Gusty Band
 35944 | Elf:3    | Got Goirad's Octavo of Impulse
 35950 | Elf:3    | You add the spells Ozocubu's Armour and Ozocubu's
                  | Refrigeration to your library.
 35953 | Elf:3    | You pick up a book of Blood and begin reading...
 35953 | Elf:3    | You add the spells Sublimation of Blood, Wereblood and
                  | Summon Hydra to your library.
 35956 | Elf:3    | You pick up a book of Iron and begin reading...
 35958 | Elf:3    | Identified the +6 sling of No Interval {speed, Str-5
                  | Int+10}
 36056 | Elf:3    | Found the +3 Mad Mage's Maulers {Infuse+∞ VampMP -Cast}
 36095 | Elf:3    | You pick up a book of Power and begin reading...
 36097 | Elf:3    | You pick up a book of the Earth and begin reading...
 36344 | D:12     | Bought a scroll of magic mapping for 97 gold pieces
 36344 | D:12     | Bought a scroll of enchant weapon for 97 gold pieces
 36344 | D:12     | Bought a scroll of brand weapon for 123 gold pieces
 36571 | D:3      | Bought a scroll of blinking for 105 gold pieces
 36571 | D:3      | Bought 3 scrolls of teleportation for 126 gold pieces
 36571 | D:3      | Bought a scroll of teleportation for 42 gold pieces
 36881 | Shoals:2 | Bought a scroll of brand weapon for 123 gold pieces
 36881 | Shoals:2 | Bought a scroll of magic mapping for 97 gold pieces
 37129 | Depths:1 | Entered Level 1 of the Depths
 37168 | Depths:1 | Found a one-way gateway to a ziggurat.
 37200 | Depths:1 | Reached skill level 10 in Evocations
 37202 | Depths:1 | Found a one-way gate leading to the halls of Pandemonium.
 37286 | Depths:1 | Found a magical portal.
 37291 | WizLab   | Entered Doroklohe's Tomb
 37772 | Depths:1 | Reached skill level 18 in Armour
 38308 | Depths:1 | Found a runed translucent gate.
 38308 | Depths:1 | Found a runed translucent gate.
 38309 | Depths:1 | Found a runed translucent gate.
 38535 | Depths:1 | Found a gateway to Hell.
 38714 | Depths:1 | Lost mutation: Your gelatinous body deflects attacks. (AC
                  | +3, EV +3) [Jiyva's grace]
 38714 | Depths:1 | Lost mutation: Your pliable body absorbs attacks. (AC +2,
                  | EV +2) [Jiyva's grace]
 38714 | Depths:1 | Lost mutation: You have a small jelly attached to you that
                  | may absorb projectiles. [Jiyva's grace]
 38714 | Depths:1 | Gained mutation: You are covered in slimy tendrils that may
                  | disarm your opponents. [Jiyva's grace]
 38714 | Depths:1 | Gained mutation: You have large cloven feet. [Jiyva's
                  | grace]
 38714 | Depths:1 | Gained mutation: You have hoof-like feet. [Jiyva's grace]
 38714 | Depths:1 | Gained mutation: You have hooves in place of feet. [Jiyva's
                  | grace]
 39202 | Depths:1 | Reached XP level 22. HP: 211/211 MP: 4/36
 39205 | Depths:1 | Reached skill level 17 in Fighting
 39215 | Depths:1 | Found a runed translucent gate.
 39215 | Depths:1 | Found a runed translucent gate.
 39215 | Depths:1 | Noticed initializr's ghost (adept SpEn)
 39218 | Depths:1 | Found a runed translucent gate.
 39240 | Depths:1 | Killed initializr's ghost
 39241 | Depths:1 | Reached skill level 19 in Armour
 39246 | Depths:1 | Identified the +1 cloak of Courage {rF+ rN+ Regen+ Stlth-}
 39253 | Depths:1 | Lost mutation: You have hidden genetic potential.
                  | [mutagenic glow]
 39264 | Depths:1 | Gained mutation: You are frail. (-10% HP) [mutagenic glow]
 39276 | Depths:1 | Gained mutation: You occasionally lose the ability to drink
                  | potions when taking damage. [mutagenic glow]
 39285 | Depths:1 | Gained mutation: You are vulnerable to cold. (rC-)
                  | [mutagenic glow]
 39348 | Depths:1 | Found a shadowy altar of Dithmenos.
 39861 | Depths:2 | You pick up a book of Changes and begin reading...
 39861 | Depths:2 | You add the spells Beastly Appendage and Spider Form to
                  | your library.
 39936 | Depths:2 | Noticed Mara
 39937 | Depths:2 | Noticed MackTheKnife's illusion
 39959 | Depths:2 | Noticed MackTheKnife's illusion
 40442 | Depths:2 | Noticed MackTheKnife's illusion
 40446 | Depths:2 | Killed Mara
 40557 | Depths:2 | Noticed a juggernaut
 40563 | Depths:2 | Killed a juggernaut
 40652 | Depths:2 | Noticed a juggernaut
 40661 | Depths:2 | Identified the +7 broad axe of Estyaceg {drain, rPois Will-
                  | rCorr Int+2}
 40664 | Depths:2 | Killed a juggernaut
 40665 | Depths:2 | Reached skill level 20 in Armour
 40713 | Depths:2 | Reached skill level 18 in Fighting
 41043 | Depths:3 | Noticed Louise
 41077 | Depths:3 | Found a transporter.
 41094 | Depths:3 | Killed Louise
 41096 | Depths:3 | h - a +3 eveningstar of protection {macerare=g}
 41097 | Depths:3 | You drop a +3 eveningstar of protection {macerare=g}.
 41459 | Depths:3 | a +0 chain mail; a +3 eveningstar of protection
                  | {macerare=g}; the human skeleton of Louise
 41459 | Depths:3 | a +0 chain mail; a +3 eveningstar of protection
                  | {macerare=g}; the human skeleton of Louise
 41459 | Depths:3 | Could not pick up a +3 eveningstar of protection
                  | {macerare=g} here; ([A]lways) ignore it?
 41459 | Depths:3 | Could not pick up a +3 eveningstar of protection
                  | {macerare=g} here; ([A]lways) ignore it?
 41470 | Depths:3 | Identified the +2 robe "Ratwoy" {Rampage Drain +Inv Str+7}
 41807 | Depths:3 | You pick up a book of Debilitation and begin reading...
 41807 | Depths:3 | You add the spells Slow and Confusing Touch to your
                  | library.
 41880 | Depths:3 | Reached skill level 19 in Fighting
 42144 | Depths:3 | Found a transporter.
 42219 | Depths:3 | Identified the ring "Pinegip" {Fly rN+ rCorr}
 42224 | Depths:3 | Identified the amulet "Wivarhag" {Acrobat Str+3 SInv}
 42289 | Depths:4 | Entered Level 4 of the Depths
 42309 | Depths:4 | Noticed a golden dragon
 42319 | Depths:4 | Killed a golden dragon
 42319 | Depths:4 | Identified +0 gold dragon scales
 42329 | Depths:4 | magus.rc [v1.9.6]
 42391 | Depths:4 | +0 gold dragon scales {rare}; a golden dragon corpse
 42391 | Depths:4 | +0 gold dragon scales {rare}; a golden dragon corpse
 42391 | Depths:4 | Could not pick up +0 gold dragon scales {rare} here;
                  | ([A]lways) ignore it?
 42424 | Depths:4 | HP: 36/200 [frost giant/bolt of cold (32)]
 42691 | D:6      | Bought a ring of protection from cold for 325 gold pieces
 42917 | Depths:3 | magus.rc [v1.9.6]
 42961 | Depths:4 | +0 gold dragon scales {rare}; a golden dragon skeleton
 42964 | Depths:4 | Reached XP level 23. HP: 208/208 MP: 10/37
 43025 | Depths:4 | +0 gold dragon scales {rare}; a golden dragon skeleton
 43036 | Depths:4 | Lost mutation: You have hooves in place of feet. [Jiyva's
                  | grace]
 43036 | Depths:4 | Lost mutation: You have a pair of small horns on your head.
                  | [Jiyva's grace]
 43036 | Depths:4 | Lost mutation: You are mostly covered in iridescent scales.
                  | (AC +4) [Jiyva's grace]
 43036 | Depths:4 | Lost mutation: Armour fits poorly on your large pseudopods.
                  | [Jiyva's grace]
 43036 | Depths:4 | Lost mutation: Your translucent skin reduces your foes'
                  | accuracy. (Stealth+) [Jiyva's grace]
 43036 | Depths:4 | Lost mutation: You are vulnerable to cold. (rC-) [Jiyva's
                  | grace]
 43036 | Depths:4 | Lost mutation: You occasionally lose the ability to drink
                  | potions when taking damage. [Jiyva's grace]
 43036 | Depths:4 | Gained mutation: You possess an exceptional clarity of
                  | mind. [Jiyva's grace]
 43036 | Depths:4 | Gained mutation: You have a small jelly attached to you
                  | that senses nearby items. [Jiyva's grace]
 43036 | Depths:4 | Gained mutation: Your translucent skin reduces your foes'
                  | accuracy. (Stealth+) [Jiyva's grace]
 43036 | Depths:4 | Gained mutation: Your transparent skin significantly
                  | reduces your foes' accuracy. (Stealth+) [Jiyva's grace]
 43060 | Depths:4 | Reached skill level 20 in Fighting
 43143 | Depths:4 | Identified +0 gold dragon scales
 43268 | Depths:4 | Found a gate to the Realm of Zot.
 43545 | Depths:4 | Found a portal to a secret trove of treasure.
 43627 | Depths:4 | This trove needs a +5 demon blade to function. Give it the
                  | item?
 43957 | D:5      | Bought a -2 demon blade for 50 gold pieces
 43959 | D:5      | magus.rc [v1.9.6]
 44296 | Depths:4 | This trove needs a +5 demon blade to function. Give it the
                  | item?
 44296 | Depths:4 | You paid a toll of a +5 demon blade to enter a treasure
                  | trove
 44297 | Trove    | Entered a treasure trove
 44306 | Trove    | Identified the ring of the Death Scarab {Contam +Blink rF-
                  | AC+4 Str+9}
 44309 | Trove    | Identified the amulet "Xousaxte" {Acrobat Int+3}
 44312 | Trove    | Identified the amulet "Lalenag" {Reflect Fragile rF- Dex+6
                  | SH+5 Stlth+}
 44316 | Trove    | Identified the ring "Fypp" {Dex+6 SInv}
 44318 | Trove    | Identified the ring "Pienomp" {rC+ Str+2}
 44320 | Trove    | Identified the ring of Heuwaato {Fly rF+ rC+ Int-5 Dex+3}
 44491 | Depths:4 | Reached skill level 2 in Dodging
 45019 | Vaults:4 | magus.rc [v1.9.6]
 45050 | Vaults:5 | Entered Level 5 of the Vaults
 45058 | Vaults:5 | Reached skill level 3 in Dodging
 45158 | Vaults:5 | Reached skill level 4 in Dodging
 45230 | Vaults:5 | You pick up a book of Vapours and begin reading...
 45233 | Vaults:5 | You pick up a book of Alchemy and begin reading...
 45233 | Vaults:5 | You add the spells Petrify and Irradiate to your library.
 45334 | Vaults:5 | Reached skill level 5 in Shields
 45365 | Vaults:5 | magus.rc [v1.9.6]
 45373 | Vaults:5 | You pick up a book of Storms and begin reading...
 45404 | Vaults:5 | Reached skill level 6 in Shields
 45544 | Vaults:5 | Reached skill level 7 in Shields
 45593 | Vaults:5 | Reached skill level 8 in Shields
 45612 | Vaults:5 | You pick up a book of Debilitation and begin reading...
 45616 | Vaults:5 | Got a silver rune of Zot
 45623 | Vaults:5 | Identified the +1 chain mail of Amelioration {rC+ SInv}
 45678 | Vaults:5 | Found the +0 mask of the Dragon {Will+ Slay+3 SInv}
 45702 | Vaults:5 | Identified the +2 pair of gloves "Esuafuov" {rElec Int+6}
 45717 | Vaults:5 | Identified the +0 falchion "Viquamaq" {heavy, rF- Int+7
                  | Dex+3}
 45728 | Vaults:5 | You add the spells Dazzling Flash and Silence to your
                  | library.
 45728 | Vaults:5 | Got the Tome of the Evil Eye
 45748 | Vaults:5 | Reached skill level 9 in Shields
 45764 | Vaults:5 | +0 shadow dragon scales {rare}; a shadow dragon corpse
 45767 | Vaults:5 | +0 shadow dragon scales {rare}; a shadow dragon corpse
 45767 | Vaults:5 | +0 shadow dragon scales {rare}; a shadow dragon corpse
 45767 | Vaults:5 | Could not pick up +0 shadow dragon scales {rare} here;
                  | ([A]lways) ignore it?
 45818 | Vaults:5 | Identified a +2 crystal plate armour
 45828 | Vaults:5 | a +0 great mace {mace}; a +2 crystal plate armour {rare=g};
                  | a human corpse
 45829 | Vaults:5 | a +0 great mace {mace}; a +2 crystal plate armour {rare=g};
                  | a human corpse
 45829 | Vaults:5 | Could not pick up a +2 crystal plate armour {rare=g} here;
                  | ([A]lways) ignore it?
 45829 | Vaults:5 | Could not pick up a +2 crystal plate armour {rare=g} here;
                  | ([A]lways) ignore it?
 45830 | Vaults:5 | magus.rc [v1.9.6]
 45831 | Vaults:5 | a +0 great mace {mace}; a +2 crystal plate armour {rare=g};
                  | a human corpse
 45831 | Vaults:5 | a +0 great mace {mace}; a +2 crystal plate armour {rare=g};
                  | a human corpse
 45831 | Vaults:5 | Could not pick up a +2 crystal plate armour {rare=g} here;
                  | ([A]lways) ignore it?
 45991 | Vaults:5 | Reached skill level 10 in Shields
 46001 | Vaults:5 | Noticed an ancient lich
 46013 | Vaults:5 | Killed an ancient lich
 46030 | Vaults:5 | Reached skill level 11 in Shields
 46072 | Vaults:5 | Identified the ring "Soavaemm" {rPois rCorr}
 46083 | Vaults:5 | Identified the ring "Egopezee" {Wiz Fly rF+ rN+}
 46099 | Vaults:5 | Noticed Boris
 46106 | Vaults:5 | Noticed an ancient lich
 46107 | Vaults:5 | Killed Boris
 46108 | Vaults:5 | Reached skill level 12 in Shields
 46108 | Vaults:5 | HP: 45/209 [ancient lich/crystal spear (94)]
 46132 | Vaults:5 | Killed an ancient lich
 46139 | Vaults:5 | Reached XP level 24. HP: 207/217 MP: 37/37
 46181 | Vaults:5 | Reached skill level 13 in Shields
 46184 | Vaults:5 | You add the spells Borgnjor's Revivification, Necromutation
                  | and Death's Door to your library.
 46713 | D:12     | Bought a scroll of enchant weapon for 90 gold pieces
 46951 | D:3      | Bought a scroll of enchant weapon for 105 gold pieces
 47272 | Shoals:4 | Bought a scroll of enchant weapon for 142 gold pieces
 47272 | Shoals:4 | Bought a scroll of enchant weapon for 142 gold pieces
 47588 | Crypt:1  | Entered Level 1 of the Crypt
 47601 | Crypt:1  | Lost mutation: Your tail ends in a sharp venomous barb.
                  | [Jiyva's grace]
 47601 | Crypt:1  | Lost mutation: You are partially covered in iridescent
                  | scales. (AC +2) [Jiyva's grace]
 47601 | Crypt:1  | Lost mutation: You are highly strong-willed. (Will++)
                  | [Jiyva's grace]
 47601 | Crypt:1  | Lost mutation: Your spells are a little harder to cast, but
                  | a little more powerful. [Jiyva's grace]
 47601 | Crypt:1  | Lost mutation: Your transparent skin significantly reduces
                  | your foes' accuracy. (Stealth+) [Jiyva's grace]
 47601 | Crypt:1  | Lost mutation: Your translucent skin reduces your foes'
                  | accuracy. (Stealth+) [Jiyva's grace]
 47601 | Crypt:1  | Gained mutation: Your translucent skin reduces your foes'
                  | accuracy. (Stealth+) [Jiyva's grace]
 47601 | Crypt:1  | Gained mutation: Your transparent skin significantly
                  | reduces your foes' accuracy. (Stealth+) [Jiyva's grace]
 47601 | Crypt:1  | Gained mutation: Your melee attacks may engulf your foes in
                  | ooze. [Jiyva's grace]
 47601 | Crypt:1  | Gained mutation: You have supernaturally acute eyesight.
                  | (SInv) [Jiyva's grace]
 47663 | Crypt:1  | You pick up a book of Chaos and begin reading...
 47773 | Crypt:1  | You pick up a book of the Earth and begin reading...
 47858 | Crypt:1  | Reached skill level 14 in Shields
 48124 | Crypt:1  | Reached skill level 15 in Shields
 48649 | Zot:1    | Entered Level 1 of the Realm of Zot
 48809 | Zot:4    | Noticed Vv
 48831 | Zot:4    | Reached skill level 16 in Shields
 49034 | Zot:3    | Killed Vv
 49176 | Zot:5    | Entered Level 5 of the Realm of Zot
 49311 | Zot:5    | Reached skill level 21 in Armour
 49448 | Zot:5    | Noticed a curse toe
 49458 | Zot:5    | Killed a curse toe
 49699 | Zot:5    | magus.rc [v1.9.6]
 49707 | Zot:5    | magus.rc [v1.9.6]
 49718 | Zot:5    | Noticed an electric golem
 49724 | Zot:5    | Noticed an ancient lich
 49724 | Zot:5    | Noticed a Killer Klown
 49738 | Zot:5    | Reached skill level 22 in Armour
 49746 | Zot:5    | Killed an ancient lich
 49753 | Zot:5    | Killed an electric golem
 49756 | Zot:5    | Killed a Killer Klown
 49761 | Zot:5    | magus.rc [v1.9.6]
 49771 | Zot:5    | Noticed an ancient lich
 49773 | Zot:5    | Noticed a Killer Klown
 49773 | Zot:5    | Noticed an orb of fire
 49782 | Zot:5    | Gained mutation: You occasionally lose the ability to read
                  | scrolls when taking damage. [an orb of fire]
 49784 | Zot:5    | Killed an orb of fire
 49789 | Zot:5    | Killed an ancient lich
 49795 | Zot:5    | Reached skill level 23 in Armour
 49802 | Zot:5    | Killed a Killer Klown
 49803 | Zot:5    | Reached XP level 25. HP: 225/225 MP: 37/37
 49825 | Zot:5    | Found the +4 dragonskin cloak
 49825 | Zot:5    | Noticed Tiamat
 49825 | Zot:5    | Tiamat is wielding a +4 heavy glaive and wearing the +4
                  | dragonskin cloak.
 49826 | Zot:5    | Here: Tiamat, wielding a +4 heavy glaive and wearing the +4
                  | dragonskin cloak
 49826 | Zot:5    | Here: Tiamat, wielding a +4 heavy glaive and wearing the +4
                  | dragonskin cloak
 49830 | Zot:5    | Aim: Tiamat, wielding a +4 heavy glaive and wearing the +4
                  | dragonskin cloak (ally target)
 49831 | Zot:5    | Here: Tiamat, wielding a +4 heavy glaive and wearing the +4
                  | dragonskin cloak (summoned, lightly drained, friendly)
 49831 | Zot:5    | Here: Tiamat, wielding a +4 heavy glaive and wearing the +4
                  | dragonskin cloak (catching her breath, ally target)
 49831 | Zot:5    | Here: Tiamat, wielding a +4 heavy glaive and wearing the +4
                  | dragonskin cloak (summoned, lightly drained, friendly)
 49831 | Zot:5    | Here: Tiamat, wielding a +4 heavy glaive and wearing the +4
                  | dragonskin cloak (catching her breath, ally target)
 49832 | Zot:5    | Aim: Tiamat, wielding a +4 heavy glaive and wearing the +4
                  | dragonskin cloak (catching her breath, ally target, 76% to
                  | hit)
 49832 | Zot:5    | Aim: Tiamat, wielding a +4 heavy glaive and wearing the +4
                  | dragonskin cloak (catching her breath, ally target, 76% to
                  | hit)
 49832 | Zot:5    | Aim: Tiamat, wielding a +4 heavy glaive and wearing the +4
                  | dragonskin cloak (catching her breath, ally target, 76% to
                  | hit)
 49836 | Zot:5    | Noticed an orb of fire
 49849 | Zot:5    | Killed Tiamat
 49855 | Zot:5    | Killed an orb of fire
 49867 | Zot:5    | Noticed a Killer Klown
 49878 | Zot:5    | Killed a Killer Klown
 49906 | Zot:5    | Reached skill level 24 in Armour
 49906 | Zot:5    | magus.rc [v1.9.6]
 49949 | Zot:5    | Noticed a Killer Klown
 49951 | Zot:5    | Noticed a Killer Klown
 49954 | Zot:5    | Noticed an orb of fire
 49957 | Zot:5    | Noticed a Killer Klown
 49958 | Zot:5    | Noticed a Killer Klown
 49969 | Zot:5    | Noticed an electric golem
 50047 | Zot:5    | e - +0 storm dragon scales {rare}
 50073 | Zot:5    | a Killer Klown changed into an iron troll
 50076 | Zot:5    | Noticed a Killer Klown
 50096 | Zot:5    | Killed a Killer Klown
 50097 | Zot:5    | Reached skill level 25 in Armour
 50101 | Zot:5    | Killed a Killer Klown
 50105 | Zot:5    | Killed a Killer Klown
 50114 | Zot:5    | Killed an electric golem
 50127 | Zot:5    | Got the Orb of Zot
 50320 | Depths:4 | Noticed Boris
 50324 | Depths:4 | Killed Boris
 50601 | D:6      | Noticed Umuyrr the pandemonium lord
 50601 | D:6      | Noticed an ancient lich
 50746 | D:$      | Escaped with the Orb!

Vanquished Creatures
  Tiamat (Zot:5)
  3 ancient liches
  2 orbs of fire (Zot:5)
  Mara (Depths:2)
  2 juggernauts (Depths:2)
  Sojobo (Vaults:4)
  Vv (Zot:3)
  5 Killer Klowns (Zot:5)
  Boris (Depths:4)
  6 golden dragons
  A curse toe (Zot:5)
  A Tzitzimitl (D:7)
  2 electric golems (Zot:5)
  Jorgrun (Orc:2)
  A Hell Sentinel (WizLab)
  12 tentacled monstrosities
  29 Orb Guardians
  3 liches
  A quicksilver dragon (Zot:5)
  A walking earthen tome (Depths:2)
  2 deep elf master archers (Elf:3)
  2 deep elf blademasters (Elf:3)
  A walking frostbound tome (Depths:3)
  3 titans (Vaults:5)
  A kraken (Shoals:4)
  Polyphemus (Shoals:2)
  4 sphinxes
  The ghost of Tiucw the Devastator, an adept BaCj of Vehumet (Shoals:1)
  A death cob (Zot:5)
  6 shadow dragons
  3 tengu reavers
  9 storm dragons
  The ghost of initializr the Ninja, an adept SpEn of Dithmenos (Depths:1)
  2 draconian monks (Zot:5)
  2 draconian knights (Zot:5)
  A daeva (Zot:1)
  6 deep elf sorcerers
  13 frost giants
  5 fire giants
  9 iron dragons
  5 ghost moths
  Louise (Depths:3)
  5 orc warlords
  16 vault wardens
  A spriggan defender (Depths:2)
  2 balrugs (WizLab)
  2 draconian shifters
  3 deep elf elementalists (Elf:3)
  5 ghouls (Crypt:1)
  4 cacodemons
  16 ironbound preservers
  2 reapers (WizLab)
  A demonspawn corrupter (D:7)
  18 stone giants
  A broodmother (Spider:3)
  44 very ugly things
  A war gargoyle (Vaults:5)
  2 draconian stormcallers (Zot:5)
  10 black draconians
  12 ironbound thunderhulks
  3 deep elf demonologists
  A juggernaut skeleton (Crypt:1)
  7 green draconians
  7 deep elf annihilators
  11 vampire knights
  3 dire elephants
  7 yellow draconians
  6 red draconians
  4 white draconians
  9 purple draconians
  2 spark wasps (Spider:4)
  8 ettins
  A blizzard demon (D:10)
  8 jiangshi
  10 deep elf death magi
  4 merfolk javelineers
  6 merfolk impalers
  A spectral kraken (Shoals:3)
  11 yaktaur captains
  14 entropy weavers
  Josephine (Shoals:1)
  29 vault guards
  7 deep elf high priests
  An entropy weaver (shapeshifter) (Elf:3)
  10 fire dragons
  A peacekeeper (Vaults:4)
  A spriggan zombie (Crypt:1)
  An ogre mage (Vaults:5)
  6 spriggan air magi
  12 hydras
  6 ironbound frosthearts
  6 rakshasas
  10 ice dragons
  2 hell beasts (Depths:1)
  A catoblepas (Shoals:3)
  A merfolk avatar (Shoals:4)
  An alligator (Lair:1)
  3 ghost crabs (Shoals:3)
  A radroach (Spider:4)
  An anaconda (Lair:1)
  Erica (D:10)
  16 centaur warriors
  2 alligator snapping turtles
  7 merfolk aquamancers
  13 boulder beetles
  12 dancing weapons
  7 two-headed ogres
  3 death knights
  3 satyrs
  6 death yaks
  A death scarab (Spider:4)
  7 vampire magi
  6 deep troll earth magi
  A quicksilver ooze zombie (Crypt:1)
  3 orc high priests (Orc:2)
  3 tengu warriors
  11 deep troll shamans
  6 hell knights
  8 spriggan berserkers
  10 deep elf knights
  3 thrashing horrors (Lair:5)
  4 fire crabs
  4 soul eaters
  5 sun demons
  A sixfirhy (Depths:2)
  14 skeletal warriors
  Amaemon (Lair:3)
  A shadow wraith (Crypt:1)
  7 pharaoh ants
  Lodul (D:13)
  3 spectral merfolk (Shoals:3)
  11 iron trolls
  55 deep trolls
  11 deep elf archers
  A bog body (Crypt:1)
  6 lindwurms
  6 orb spiders
  2 flayed ghosts
  22 ironbound convokers
  5 wizards
  A swamp dragon (shapeshifter) (Depths:2)
  13 sea snakes
  A bunyip skeleton (Crypt:1)
  2 shadow demons
  2 phantasmal warriors (Vaults:5)
  11 steelbarb worms
  16 orc knights
  7 necromancers
  18 deep elf pyromancers
  2 oklob plants (Lair:3)
  A tengu skeleton (Depths:1)
  20 harpies
  25 deep elf zephyrmancers
  3 orc sorcerers (Orc:2)
  A shadow dragon skeleton (Depths:1)
  20 wolf spiders
  47 ugly things
  8 cyclopes
  A salamander (Depths:4)
  A stone giant skeleton (Vaults:3)
  An iron dragon skeleton (Crypt:1)
  14 elephants
  2 large abominations (Lair:5)
  15 moths of wrath
  A human skeleton (Vaults:3)
  21 manticores
  8 rust devils
  2 elf zombies (Elf:3)
  8 merfolk sirens
  6 black mambas
  3 orange demons
  16 vault sentinels
  7 torpor snails
  10 cane toads
  2 water nymphs
  2 hellions
  2 smoke demons (WizLab)
  An unseen horror (D:10)
  5 demonic crawlers
  2 purple draconian zombies
  6 rime drakes
  A kobold demonologist (D:6)
  14 komodo dragons
  Psyche (D:8)
  An efreet (D:14)
  4 freezing wraiths
  28 yaktaurs
  4 redback zombies (Spider:1)
  2 tormentors
  3 ice devils
  2 tengu conjurers
  9 wind drakes
  A queen bee (shapeshifter) (D:14)
  7 meliai
  2 wind drakes (shapeshifter)
  A queen bee (Lair:3)
  A hellwing (Depths:2)
  3 ancient zymes (Lair:5)
  A spectral harpy (Shoals:3)
  A shadow dragon simulacrum (Depths:1)
  A troll (D:13)
  A jumping spider zombie (Spider:1)
  A tengu simulacrum (Vaults:3)
  A hydra skeleton (Crypt:1)
  18 merfolk
  3 polar bears
  23 tarantellas
  12 blink frogs
  17 dream sheep
  A frost giant simulacrum (Depths:1)
  3 air elementals
  A fire dragon zombie (Crypt:1)
  An ettin zombie (Crypt:1)
  20 culicivoras
  7 snapping turtles
  2 shadows (D:11)
  17 jumping spiders
  A culicivora (shapeshifter) (Lair:5)
  4 vampires
  8 ynoxinuls
  13 wyverns
  7 wraiths
  40 yaks
  7 basilisks
  2 centaur simulacra (D:15)
  13 humans (D:13)
  A black mamba skeleton (Crypt:1)
  45 redbacks
  27 water elementals
  6 vampire mosquitoes
  3 steam dragons
  5 chaos spawn
  A neqoxec (WizLab)
  9 wargs
  Edmund (D:6)
  An ogre zombie (Vaults:1)
  4 acid dragons
  13 water moccasins
  A glowing shapeshifter zombie (Vaults:3)
  A meliai simulacrum (D:15)
  A swamp drake (D:11)
  A glowing shapeshifter skeleton (Vaults:1)
  4 sky beasts
  29 orc warriors
  7 ice beasts
  An elephant zombie (Lair:4)
  2 black bears
  An orc zombie (D:13)
  8 wolves
  7 centaurs
  16 ogres
  9 small abominations (Lair:5)
  A phantom (D:4)
  7 kobold brigands
  3 necrophages (Crypt:1)
  3 gnoll sergeants
  14 bullfrogs
  3 earth elementals
  2 scorpions
  An elf skeleton (Crypt:1)
  A wyvern zombie (Lair:1)
  4 wights
  A cyclops skeleton (Crypt:1)
  A troll zombie (D:13)
  A yak zombie (Lair:1)
  27 killer bees (Lair:3)
  3 vampire bats (Lair:4)
  8 howler monkeys
  3 electric eels
  8 hounds
  3 human zombies (D:13)
  30 orc priests
  34 orc wizards
  4 iguanas
  A hell rat (Lair:1)
  18 gnolls
  6 adders
  2 river rats (Lair:3)
  A shadow imp (D:5)
  5 white imps
  3 ufetubi (D:15)
  2 worms
  2 dart slugs
  88 orcs
  7 ball pythons
  3 endoplasms
  2 giant cockroaches
  5 gnoll zombies (D:10)
  3 goblins
  7 hobgoblins
  4 quokkas
  8 bats
  3 frilled lizards
  17 kobolds
  5 rats
  A river rat zombie (Lair:3)
  6 tentacles
2021 creatures vanquished.

Vanquished Creatures (collateral kills)
  An ancient lich (Vaults:5)
  Boris (Vaults:5)
  A Killer Klown (Zot:5)
  An Orb Guardian (Zot:5)
  A quicksilver dragon (Vaults:5)
  Donald (Shoals:1)
  A frost giant (Vaults:2)
  3 ironbound preservers
  A green draconian (Zot:5)
  A deep elf demonologist (Vaults:5)
  A dire elephant (Vaults:3)
  2 merfolk impalers
  An ettin (Vaults:5)
  An entropy weaver (Vaults:2)
  An ice dragon (Elf:1)
  A radroach (Spider:3)
  A merfolk avatar (Shoals:4)
  A jorogumo (Spider:3)
  A merfolk aquamancer (Shoals:4)
  2 boulder beetles
  A death yak (Lair:4)
  An orb spider (Spider:1)
  3 deep trolls
  A spectral merfolk (Shoals:3)
  A sea snake (Shoals:3)
  An ironbound convoker (Vaults:2)
  A deep elf pyromancer (Elf:2)
  An orc knight (Vaults:2)
  A wolf spider zombie (Spider:3)
  2 cyclopes
  3 manticores
  4 black mambas
  9 elephants
  A vault sentinel (Vaults:2)
  2 water nymphs
  2 demonic crawlers (Spider:4)
  2 torpor snails
  4 cane toads
  2 komodo dragons
  2 polar bears
  8 merfolk
  2 wind drakes
  A meliai (Spider:4)
  5 blink frogs (Lair:5)
  A snapping turtle (Shoals:2)
  2 tarantellas
  8 dream sheep
  A stone giant simulacrum (Vaults:1)
  A jumping spider (Spider:1)
  8 yaks
  3 wyverns
  5 water elementals
  2 culicivoras (Spider:3)
  2 humans (D:13)
  4 redbacks
  4 water moccasins
  A spectral snapping turtle (Shoals:3)
  3 orc warriors
  3 ogres
  2 elephant zombies
  A torpor snail zombie (Spider:1)
  4 killer bees (Lair:3)
  An electric eel (Lair:1)
  3 orc priests
  An orc wizard (Orc:2)
  3 gnolls (Orc:2)
  3 orcs (Orc:2)
150 creatures vanquished.

Vanquished Creatures (others)
  A quicksilver dragon (Zot:5)
  A sphinx (Vaults:4)
  A Killer Klown zombie (Zot:5)
  4 great orbs of eyes
  A centaur warrior (D:13)
  7 Orb Guardian zombies (Zot:5)
  A death knight (D:13)
  A two-headed ogre (shapeshifter) (Vaults:2)
  A merfolk aquamancer (Shoals:4)
  Urug (D:13)
  A shock serpent (shapeshifter) (Vaults:4)
  A deep elf knight (Elf:2)
  2 storm dragon zombies (Zot:5)
  2 golden dragon zombies
  2 very ugly thing zombies (Vaults:4)
  An orb spider (shapeshifter) (Depths:3)
  8 glowing orange brains
  An elf simulacrum (Elf:1)
  A deep elf zephyrmancer (Elf:1)
  2 wizards
  A deep elf pyromancer (Elf:1)
  A wolf spider zombie (Spider:4)
  A shining eye (shapeshifter) (Depths:1)
  A fire giant zombie (Depths:1)
  A mana viper (shapeshifter) (Depths:1)
  2 ugly things (Vaults:4)
  A death scarab zombie (Spider:4)
  2 centaur zombies (Vaults:2)
  4 draconian zombies (Zot:5)
  A vault sentinel (Vaults:4)
  8 elf zombies
  A water nymph (shapeshifter) (Depths:1)
  A dire elephant zombie (Vaults:3)
  A torpor snail (shapeshifter) (Vaults:2)
  2 green draconian zombies (Zot:5)
  A red draconian zombie (Zot:5)
  2 sea snake zombies
  A black draconian zombie (Zot:5)
  A white draconian zombie (Zot:5)
  A yellow draconian zombie (Zot:5)
  2 redback zombies (Spider:3)
  2 freezing wraiths (Elf:1)
  A yaktaur (shapeshifter) (Vaults:5)
  A demonic crawler zombie (Spider:4)
  A harpy zombie (Vaults:2)
  2 moth of wrath zombies (Zot:5)
  A troll (D:13)
  2 ugly thing zombies (Vaults:4)
  A queen bee (shapeshifter) (Vaults:5)
  A tarantella (Vaults:2)
  A tarantella zombie (Spider:4)
  A blink frog (Lair:5)
  A golden eye (shapeshifter) (Depths:1)
  2 tarantellas (shapeshifter) (Vaults:5)
  2 culicivora zombies
  An ice dragon zombie (Elf:1)
  An ettin zombie (Vaults:5)
  3 dream sheep
  28 slime creatures
  A black mamba zombie (Lair:5)
  A wraith (Shoals:1)
  A yak (shapeshifter) (Vaults:3)
  3 wind drake zombies
  A redback (Vaults:2)
  A human (D:13)
  A basilisk (D:15)
  7 merfolk zombies
  A water nymph zombie (Shoals:3)
  5 deep troll zombies
  2 two-headed ogre zombies (Vaults:5)
  A cane toad zombie (Lair:3)
  2 floating eyes (shapeshifter) (Vaults:5)
  2 manticore zombies
  6 elephant zombies (Lair:4)
  A black bear (D:4)
  5 blink frog zombies (Lair:5)
  3 lindwurm zombies (Vaults:2)
  A centaur (shapeshifter) (Elf:3)
  A centaur (D:8)
  2 torpor snail zombies
  2 ogres (D:13)
  A komodo dragon zombie (Lair:3)
  7 yaktaur zombies
  A bullfrog (Lair:2)
  A cyclops zombie (Orc:2)
  2 scorpions
  A bullfrog (shapeshifter) (Depths:1)
  2 wyvern zombies
  4 water moccasin zombies
  12 yak zombies
  2 killer bees (Lair:3)
  3 wolf zombies (Lair:3)
  An orc priest (Orc:2)
  198 jellies
  2 gnoll boudas (D:6)
  15 human zombies
  4 orc wizards
  A killer bee zombie (Lair:3)
  2 ogre zombies (Orc:2)
  A hell rat zombie (Lair:1)
  4 adders
  2 gnolls
  2 adders (shapeshifter) (Depths:1)
  A shadow imp (D:8)
  A white imp (D:15)
  An ufetubus (D:15)
  7 orcs
  A bat (shapeshifter) (Depths:1)
  An endoplasm (shapeshifter) (Depths:1)
  4 gnoll zombies (Orc:2)
  A hobgoblin (shapeshifter) (Depths:1)
  2 hobgoblins (D:4)
  3 jackals (D:3)
  A kobold (shapeshifter) (Depths:1)
  A ball python (D:4)
  2 goblins (D:4)
  11 orc zombies (Orc:2)
  A rat (D:3)
  A bush (Lair:4)
  74 fungi
  261 plants
  8 tentacles
  9 withered plants (Shoals:3)
837 creatures vanquished.

Grand Total: 3008 creatures vanquished

Table legend:
 A = Non-vault XP
 B = Vault XP
 C = Vault XP percentage of total XP
 D = Non-vault monster count
 E = Vault monster count
 F = Vault count percentage of total count
                 A         B        C        D         E       F
            +---------+---------+-------+---------+---------+-------
      Total |  559583 |  657866 |  54.0 |    1203 |     936 |  43.8
            +---------+---------+-------+---------+---------+-------
        D:1 |      26 |       0 |   0.0 |      16 |       0 |   0.0
        D:2 |      40 |       0 |   0.0 |      17 |       0 |   0.0
        D:3 |      32 |     116 |  78.4 |      13 |       4 |  23.5
        D:4 |     269 |       0 |   0.0 |      16 |       0 |   0.0
        D:5 |     613 |       0 |   0.0 |      16 |       0 |   0.0
        D:6 |     475 |    3852 |  89.0 |      13 |      55 |  80.9
        D:7 |    1149 |       0 |   0.0 |      22 |       0 |   0.0
        D:8 |     348 |    2012 |  85.3 |      15 |      11 |  42.3
        D:9 |    1365 |       0 |   0.0 |      30 |       0 |   0.0
       D:10 |    1515 |     836 |  35.6 |      21 |       1 |   4.5
       D:11 |    3651 |     492 |  11.9 |      14 |      15 |  51.7
       D:12 |    3087 |   10794 |  77.8 |      10 |      15 |  60.0
       D:13 |    7541 |    6628 |  46.8 |      15 |      27 |  64.3
       D:14 |   12164 |       0 |   0.0 |      28 |       0 |   0.0
       D:15 |    2412 |    3580 |  59.7 |       6 |      17 |  73.9
     Lair:1 |    4456 |    4274 |  49.0 |      18 |      10 |  35.7
     Lair:2 |    5513 |     181 |   3.2 |      21 |       1 |   4.5
     Lair:3 |   10589 |   11461 |  52.0 |      33 |      69 |  67.6
     Lair:4 |   17636 |   16269 |  48.0 |      57 |      46 |  44.7
     Lair:5 |    6095 |    9742 |  61.5 |      25 |      36 |  59.0
   Shoals:1 |    9283 |    4650 |  33.4 |      17 |       7 |  29.2
   Shoals:2 |   14811 |    2365 |  13.8 |      34 |       2 |   5.6
   Shoals:3 |   15820 |   10171 |  39.1 |      34 |      14 |  29.2
   Shoals:4 |   11261 |   22313 |  66.5 |      27 |      37 |  57.8
   Spider:1 |   20825 |       0 |   0.0 |      54 |       0 |   0.0
   Spider:2 |   18123 |    3550 |  16.4 |      45 |       5 |  10.0
   Spider:3 |   16954 |    4151 |  19.7 |      42 |       8 |  16.0
   Spider:4 |   10602 |   16878 |  61.4 |      27 |      24 |  47.1
      Orc:1 |    3627 |     835 |  18.7 |      34 |       5 |  12.8
      Orc:2 |    1821 |    9763 |  84.3 |      29 |      38 |  56.7
      Elf:1 |   15701 |   14228 |  47.5 |      25 |      21 |  45.7
      Elf:2 |   14537 |    3311 |  18.6 |      23 |       4 |  14.8
      Elf:3 |   12066 |   26001 |  68.3 |      20 |      23 |  53.5
   Vaults:1 |   17512 |    9784 |  35.8 |      28 |      14 |  33.3
   Vaults:2 |   22402 |   44116 |  66.3 |      30 |      60 |  66.7
   Vaults:3 |   23793 |   52225 |  68.7 |      32 |      69 |  68.3
   Vaults:4 |   16416 |   23622 |  59.0 |      21 |      25 |  54.3
   Vaults:5 |   22759 |   91887 |  80.1 |      28 |      78 |  73.6
    Crypt:1 |   31536 |   10730 |  25.4 |      46 |      12 |  20.7
   Depths:1 |   35323 |   28484 |  44.6 |      53 |      27 |  33.8
   Depths:2 |    7499 |   58487 |  88.6 |       7 |      56 |  88.9
   Depths:3 |   23994 |    7297 |  23.3 |      30 |       6 |  16.7
   Depths:4 |   44357 |   21890 |  33.0 |      49 |      21 |  30.0
      Zot:1 |    1025 |       0 |   0.0 |       2 |       0 |   0.0
      Zot:2 |     505 |       0 |   0.0 |       1 |       0 |   0.0
      Zot:3 |    5390 |    3137 |  36.8 |       4 |       1 |  20.0
      Zot:4 |   14744 |       0 |   0.0 |      14 |       0 |   0.0
      Zot:5 |   47921 |  103217 |  68.3 |      41 |      53 |  56.4
     WizLab |       0 |   14537 | 100.0 |       0 |      19 | 100.0
            +---------+---------+-------+---------+---------+-------

Illustrated notes

Table legend:
 A = Kills in this place as a percentage of kills in entire the game.
 B = Kills by you in this place as a percentage of kills by you in the entire game.
 C = Kills by friends in this place as a percentage of kills by friends in the entire game.
 D = Other kills in this place as a percentage of other kills in the entire game.
 E = Experience gained in this place as a percentage of experience gained in the entire game.
 F = Experience gained in this place divided by the number of levels of this place that you have seen.
                   A       B       C       D       E      F
               +-------+-------+-------+-------+-------+----------------------
         Total | 100.0 | 100.0 | 100.0 | 100.0 | 100.0 | 22505.6
       Dungeon |  18.9 |  19.9 |   4.8 |  24.0 |   6.1 | 5018.3
          Lair |  14.7 |  13.2 |  36.3 |   4.0 |   7.0 | 17243.2
        Shoals |   8.0 |   6.8 |  22.6 |  16.0 |   7.3 | 22668.5
   Spider Nest |   9.5 |   9.4 |  12.3 |   4.0 |   7.4 | 22770.8
  Orcish Mines |   4.9 |   4.7 |   8.2 |   4.0 |   1.3 | 8023.0
   Elven Halls |   5.4 |   5.6 |   1.4 |   8.0 |   6.9 | 28614.7
        Vaults |  17.9 |  18.1 |  12.3 |  28.0 |  26.2 | 64903.2
         Crypt |   2.7 |   2.9 |   0.0 |   0.0 |   3.4 | 42266.0
        Depths |  11.6 |  12.6 |   0.0 |   8.0 |  18.7 | 58006.2
           Zot |   5.5 |   5.8 |   2.1 |   4.0 |  14.5 | 35865.0
        Wizlab |   0.9 |   1.0 |   0.0 |   0.0 |   1.2 | 14537.0
               +-------+-------+-------+-------+-------+----------------------

Table legend: (Time is in decaauts)
 A = Elapsed time spent in this place.
 B = Non-inter-level travel time spent in this place.
 C = Inter-level travel time spent in this place.
 D = Time resting spent in this place.
 E = Time spent auto-exploring this place.
 F = Levels seen in this place.
 G = Mean time per level.
                   A        B        C        D        E       F      G
               +--------+--------+--------+--------+--------+-----+--------+
         Total |  49869 |  41241 |   8628 |   2020 |  26976 |  55 |  906.7 |
       Dungeon |  16834 |  12411 |   4423 |    562 |   9356 |  15 | 1122.3 |
          Lair |   6106 |   5113 |    993 |    239 |   2934 |   5 | 1221.2 |
        Shoals |   3468 |   3012 |    456 |    122 |   1544 |   4 |  867.0 |
   Spider Nest |   2795 |   2686 |    109 |     59 |   1972 |   4 |  698.8 |
    Slime Pits |    355 |    233 |    122 |      0 |    126 |   5 |   71.0 |
  Orcish Mines |   1515 |   1361 |    154 |     70 |    850 |   2 |  757.5 |
   Elven Halls |   2858 |   2620 |    238 |    139 |   1646 |   3 |  952.7 |
        Vaults |   7269 |   6010 |   1259 |    235 |   3887 |   5 | 1453.8 |
         Crypt |    798 |    737 |     61 |      0 |    516 |   1 |  798.0 |
        Depths |   5880 |   5143 |    737 |    207 |   3782 |   4 | 1470.0 |
           Zot |   1525 |   1454 |     71 |    317 |    141 |   5 |  305.0 |
         Trove |     54 |     54 |      0 |      0 |      0 |   1 |   54.0 |
        Wizlab |    406 |    406 |      0 |     70 |    221 |   1 |  406.0 |
               +--------+--------+--------+--------+--------+-----+--------+

Top non-repeatable levels by time:
  Lair:3: 1959 daAuts
     D:6: 1815 daAuts
Vaults:2: 1810 daAuts
Depths:2: 1749 daAuts
Vaults:3: 1690 daAuts
     D:7: 1592 daAuts
Depths:1: 1590 daAuts
    D:15: 1492 daAuts
     D:9: 1470 daAuts
  Lair:4: 1425 daAuts
Depths:4: 1407 daAuts
    D:12: 1375 daAuts
     D:8: 1342 daAuts
Vaults:1: 1270 daAuts
   Elf:1: 1268 daAuts
